 Dungeon Crawl Stone Soup version 0.31-a0-355-g57cb03d3e8 (webtiles) character file.

Game seed: 4400095781503134213

13649054 juan097 the Conqueror (level 27, 224/224 HPs)
             Began as a Barachi Hunter on July 21, 2023.
             Was a High Priest of Hepliaklqana.
             Escaped with the Orb
             ... and 15 runes on July 24, 2023!
             The game lasted 09:27:06 (117369 turns).

juan097 the Conqueror (Barachi Hunter)            Turns: 117369, Time: 09:27:07

Health: 224/224    AC: 48    Str: 19      XL:     27
Magic:  52/52      EV: 39    Int: 10 (12) God:    Hepliaklqana [*****.]
Gold:   15889      SH: 29    Dex: 29 (30) Spells: 17/58 levels left

rFire   + + .        w - +9 eudemon blade (holy)
rCold   . . .        L - +5 Storm Queen's Shield {shock, Fly rElec}
rNeg    + + +        V - +10 pearl dragon scales
rPois   +            Y - +1 helmet of Analysis {rF+ rC+ Will+ Dex+2}
rElec   +            p - +2 cloak {rPois}
rCorr   .            X - +2 pair of gloves {Str+3}
SInv    +            z - +2 pair of boots of Autumn {+Blink rC- Regen+ Stlth+}
Will    ++++.        A - dreamshard necklace {Acrobat *Dream}
Stlth   ++           n - ring of the Jester {rF+ EV+5 Str+2 Dex+2 Slay+2, =R}
HPRegen 1.37/turn    g - ring of the Nightingale {rN++ MP+9 Str-2 Int+2 SInv}
MPRegen 0.33/turn

%: random rage (3%), acrobat
@: flying, slow
A: reduced essence, amphibious, slowness 1, strong legs 2, +LOS, large bone
plates 1, see invisible, berserk 1, strong-willed 1
0: Orb of Zot
}: 15/15 runes: barnacled, slimy, silver, golden, iron, obsidian, icy, bone,
abyssal, demonic, glowing, magical, fiery, dark, gossamer
a: Hop, Renounce Religion, Evoke Blink, Recall Ancestor, Ancestor Identity,
Transference, Idealise


You escaped.
You worshipped Hepliaklqana.
Hepliaklqana was extremely pleased with you.
You visited 18 branches of the dungeon, and saw 88 of its levels.
You visited Pandemonium 3 times, and saw 31 of its levels.
You visited the Abyss 3 times.
You visited 1 bazaar.
You visited 1 ziggurat, and saw 15 of its levels.
You also visited: Sewer, Ossuary, Bailey, Ice Cave and Desolation.

You collected 21930 gold pieces.
You spent 6041 gold pieces at shops.

Inventory:

Hand Weapons
 a - the +11 Singing Sword {sonic wave}
   (You found it on level 6 of a ziggurat)
 b - the +4 hand crossbow "Spiderbane" {heavy, rF+}
   (You found it on level 3 of the Spider Nest)

   rF:        It protects you from fire.
 w - a +9 eudemon blade of holy wrath (weapon)
 R - the +8 Vampire's Tooth {megavamp}
   (You found it on level 3 of the Elven Halls)
 U - a +9 double sword of protection
Missiles
 y - 13 silver javelins (quivered)
 C - 10 throwing nets
Armour
 p - a +2 cloak of poison resistance (worn)
 z - the +2 pair of boots of Autumn (worn) {+Blink rC- Regen+ Stlth+}
   (You acquired it on level 2 of the Shoals)

   rC:        It makes you vulnerable to cold.
   +Blink:    It lets you blink.
   Regen:     It increases your rate of health regeneration.
   Stlth:     It makes you more stealthy.
 L - the +5 Storm Queen's Shield (worn) {shock, Fly rElec}
   (You found it on level 3 of the Elven Halls)

   Shock:     When it blocks an attack, it may electrocute the attacker.
   This works even against foes who are a short distance away.
   rElec:     It insulates you from electricity.
   Fly:       It grants you flight.
 V - +10 pearl dragon scales (worn)
 X - a +2 pair of gloves of strength (worn)
 Y - the +1 helmet of Analysis (worn) {rF+ rC+ Will+ Dex+2}
   (You acquired it on level 2 of the Lair of Beasts)

   Dex:       It affects your dexterity (+2).
   rF:        It protects you from fire.
   rC:        It protects you from cold.
   Will:      It increases your willpower.
Jewellery
 g - the ring of the Nightingale (right hand) {rN++ MP+9 Str-2 Int+2 SInv}
   (You bought it in a shop on level 5 of the Vaults)

   [ring of magical power]

   Str:       It affects your strength (-2).
   Int:       It affects your intelligence (+2).
   rN:        It greatly protects you from negative energy.
   MP:        It affects your magic capacity (+9).
   SInv:      It lets you see invisible.
 l - the ring "Ygaifada" {*Corrode rC+++ rN+++ Will+ Int-4}
   (You found it on level 14 of a ziggurat)

   [ring of willpower]

   Int:       It affects your intelligence (-4).
   rC:        It renders you almost immune to cold.
   rN:        It renders you almost immune to negative energy.
   *Corrode:  It may corrode you when you take damage.
   Will:      It increases your willpower.
 n - the ring of the Jester (left hand) {rF+ EV+5 Str+2 Dex+2 Slay+2, =R}
   (You took it off a deep elf elementalist on level 3 of the Elven Halls)

   [ring of evasion]

   EV:        It affects your evasion (+5).
   Str:       It affects your strength (+2).
   Dex:       It affects your dexterity (+2).
   Slay:      It affects your accuracy & damage with ranged weapons and melee
   (+2).
   rF:        It protects you from fire.
 A - the dreamshard necklace (around neck) {Acrobat *Dream}
   (You took it off an orc priest on level 8 of the Dungeon)

   [amulet of the acrobat]

   *Dream:    It absorbs a single lethal wound into itself, holding its wearer
   just short of death and releasing dream-creatures to guard them.
   It increases your evasion while moving and waiting.
 D - a ring of resist corrosion
 Q - the ring "Tollutwe" {rC+ EV+5 SInv}
   (You found it on level 3 of the Tomb of the Ancients)

   [ring of evasion]

   EV:        It affects your evasion (+5).
   rC:        It protects you from cold.
   SInv:      It lets you see invisible.
Talismans
 P - a talisman of death
Wands
 u - a wand of digging (22)
 B - a wand of roots (55)
 Z - a wand of light (37)
Scrolls
 e - 11 scrolls of enchant weapon
 f - 7 scrolls of poison
 i - 11 scrolls of vulnerability
 j - 2 scrolls of blinking
 m - a scroll of butterflies
 r - 7 scrolls of revelation
 E - 23 scrolls of teleportation
 G - 12 scrolls of immolation
 H - 2 scrolls of fog
 J - 9 scrolls of enchant armour
 W - 4 scrolls of silence
Potions
 c - 2 potions of cancellation
 d - 22 potions of curing
 h - a potion of heal wounds
 o - 12 potions of enlightenment
 s - a potion of magic
 t - a potion of might
 v - a potion of haste
 x - 10 potions of resistance
 F - a potion of ambrosia
 I - 15 potions of lignification
 K - 15 potions of berserk rage
 S - 3 potions of invisibility
Miscellaneous
 k - a phial of floods
 q - a figurine of a ziggurat
 N - a phantom mirror
 O - a lightning rod (4/4)


   Skills:
 O Level 27 Fighting
 - Level 14.1(16.5) Short Blades
 - Level 15.4(18.0) Long Blades
 - Level 20.0 Ranged Weapons
 - Level 24.0 Throwing
 O Level 27 Armour
 O Level 27 Dodging
 - Level 8.0 Stealth
 - Level 24.0 Shields
 - Level 16.0 Spellcasting
 - Level 12.0 Hexes
 - Level 16.1 Translocations
 - Level 19.0 Transmutations
 - Level 10.0 Air Magic
 - Level 8.0 Earth Magic
 - Level 20.0 Invocations
 - Level 24.0 Evocations
 * Level 18.5 Shapeshifting


You had 17 spell levels left.
You knew the following spells:

 Your Spells              Type           Power      Damage    Failure   Level
a - Apportation           Tloc           80%        N/A       1%          1
b - Wereblood             Tmut           46%        N/A       0%          2
c - Passwall              Tmut/Erth      29%        N/A       1%          2
d - Portal Projectile     Hex/Tloc       72%        N/A       1%          3
e - Vhi's Electric Charg  Tloc/Air       68%        N/A       1%          3
f - Passage of Golubria   Tloc           40%        N/A       1%          4
g - Gell's Gravitas       Tloc           40%        N/A       1%          3
h - Lesser Beckoning      Tloc           80%        N/A       1%          2
i - Teleport Other        Tloc           40%        N/A       1%          3
j - Swiftness             Air            28%        N/A       1%          3
k - Yara's Violent Unrav  Hex/Tmut       19%        3d9       1%          5
l - Manifold Assault      Tloc           40%        N/A       1%          4
m - Dispersal             Tloc           20%        N/A       3%          6

Your spell library contained the following spells:

 Spells                   Type           Power      Damage    Failure   Level
 Sandblast                Erth           48%        2d12      1%          1
 Shock                    Conj/Air       72%        1d7       1%          1
 Slow                     Hex            100%       N/A       1%          1
 Sting                    Tmut/Pois      100%       1d8       1%          1
 Blink                    Tloc           80%        N/A       1%          2
 Momentum Strike          Conj/Tloc      48%        3d9       1%          2
 Confusing Touch          Hex            32%        N/A       1%          3
 Volatile Blastmotes      Fire/Tloc      48%        2d14      1%          3
 Cause Fear               Hex            16%        N/A       1%          4
 Petrify                  Tmut/Erth      35%        N/A       1%          4
 Poisonous Vapours        Pois/Air       36%        N/A       2%          2
 Static Discharge         Conj/Air       36%        2-4/arc   2%          2
 Airstrike                Air            14%        2d(2-18)  2%          4
 Leda's Liquefaction      Hex/Erth       14%        N/A       2%          4
 Dazzling Flash           Conj/Hex       40%        N/A       3%          3
 Ignite Poison            Fire/Tmut/Pois 20%        N/A       3%          3
 Inner Flame              Hex/Fire       20%        N/A       3%          3
 Summon Guardian Golem    Hex/Summ       20%        N/A       3%          3
 Silence                  Hex/Air        15%        N/A       4%          5
 Iskenderun's Mystic Bla  Conj/Tloc      24%        2d7       5%          4
 Cigotuvi's Dreadful Rot  Necr/Pois/Air  28%        N/A       6%          2
 Stone Arrow              Conj/Erth      32%        3d9       9%          3
 Irradiate                Conj/Tmut      13%        3d16      9%          5
 Mephitic Cloud           Conj/Pois/Air  14%        N/A       12%         3
 Anguish                  Hex/Necr       10%        N/A       12%         4
 Fulminant Prism          Conj/Hex       10%        3d9       12%         4
 Foxfire                  Conj/Fire      32%        2x1d5     14%         1
 Freeze                   Ice            32%        1d5       14%         1
 Kiss of Death            Conj/Necr      32%        2d7       14%         1
 Magic Dart               Conj           32%        1d4       14%         1
 Necrotise                Necr           32%        1d5       14%         1
 Summon Small Mammal      Summ           32%        N/A       14%         1
 Lee's Rapid Deconstruct  Erth           12%        3d8*      16%         5
 Summon Forest            Summ/Tloc      12%        N/A       16%         5
 Summon Lightning Spire   Summ/Air       18%        N/A       19%         4
 Call Imp                 Summ           16%        N/A       22%         2
 Scorch                   Fire           16%        2d5       22%         2
 Searing Ray              Conj           16%        2d5       22%         2
 Sublimation of Blood     Necr           8%         N/A       22%         2
 Animate Armour           Summ/Erth      32%        N/A       28%         4
 Metabolic Englaciation   Hex/Ice        10%        N/A       34%         5
 Summon Mana Viper        Hex/Summ       20%        N/A       34%         5
 Call Canine Familiar     Summ           8%         N/A       41%         3
 Frozen Ramparts          Ice            16%        1d3       41%         3
 Hailstorm                Conj/Ice       8%         3d4       41%         3
 Ozocubu's Armour         Ice            8%         N/A       41%         3
 Vampiric Draining        Necr           8%         2d6       41%         3
 Eringya's Noxious Bog    Tmut/Pois      13%        4d6       41%         6
 Arcjolt                  Conj/Air       9%         1d19      45%         5
 Borgnjor's Vile Clutch   Necr/Erth      8%         N/A       61%         5
 Enfeeble                 Hex            16%        N/A       65%         7
 Freezing Cloud           Conj/Ice/Air   7%         6-21      71%         5
 Disjunction              Tloc           20%        N/A       78%         8
 Animate Dead             Necr           8%         N/A       82%         4
 Dispel Undead            Necr           8%         3d8       82%         4
 Flame Wave               Conj/Fire      8%         2d5       82%         4
 Olgreb's Toxic Radiance  Pois           8%         N/A       82%         4
 Sticky Flame             Conj/Fire      8%         2d3       82%         4
 Summon Ice Beast         Ice/Summ       8%         N/A       82%         4
 Conjure Ball Lightning   Conj/Air       9%         3x3d6     96%         6
 Plasma Beam              Fire/Air       9%         2x1d19    96%         6
 Agony                    Necr           8%         N/A       99%         5
 Fireball                 Conj/Fire      4%         3d4       99%         5
 Iskenderun's Battlesphe  Conj           8%         2d6       99%         5
 Leda's Unmaking          Conj/Erth      8%         9d2       99%         6
 Malign Gateway           Summ/Tloc      12%        N/A       99%         7
 Death Channel            Necr           4%         N/A       100%        6
 Simulacrum               Ice/Necr       4%         N/A       100%        6
 Starburst                Conj/Fire      4%         6d3       100%        6
 Summon Cactus Giant      Summ           4%         N/A       100%        6
 Haunt                    Necr/Summ      4%         N/A       100%        7
 Monstrous Menagerie      Summ           4%         N/A       100%        7
 Orb of Destruction       Conj           4%         9d5       100%        7
 Ozocubu's Refrigeration  Ice            4%         4d8       100%        7
 Spellforged Servitor     Conj/Summ      4%         N/A       100%        7
 Summon Hydra             Summ           4%         N/A       100%        7
 Borgnjor's Revivificati  Necr           4%         N/A       100%        8
 Discord                  Hex            16%        N/A       100%        8
 Ignition                 Fire           4%         3d4       100%        8
 Infestation              Necr           4%         N/A       100%        8
 Lehudib's Crystal Spear  Conj/Erth      8%         10d3      100%        8
 Maxwell's Capacitive Co  Air            14%        ∞         100%        8
 Chain Lightning          Conj/Air       9%         3d12      100%        9
 Death's Door             Necr           4%         N/A       100%        9
 Dragon's Call            Summ           4%         N/A       100%        9
 Fire Storm               Conj/Fire      4%         8d1       100%        9
 Polar Vortex             Ice            4%         N/A       100%        9
 Shatter                  Erth           12%        3d13*     100%        9


Dungeon Overview and Level Annotations

Branches:
Dungeon (15/15)            Temple (1/1) D:5            Lair (5/5) D:11
 Shoals (4/4) Lair:2       Spider (4/4) Lair:3        Slime (5/5) Lair:4
    Orc (2/2) D:11            Elf (3/3) Orc:2        Vaults (5/5) D:13
  Crypt (3/3) Vaults:3       Tomb (3/3) Crypt:3      Depths (4/4) D:15
   Hell (visited)             Dis (7/7) Hell            Geh (7/7) Hell
    Coc (7/7) Hell            Tar (7/7) Hell            Zot (5/5) Depths:4
  Sewer (visited)         Ossuary (visited)          Bailey (visited)
  IceCv (visited)         Desolation (visited)

Altars:
Ashenzari
Cheibriados
Dithmenos
Elyvilon
Fedhas
Gozag
Hepliaklqana
Kikubaaqudgha
Makhleb
Nemelex Xobeh
Okawaru
Qazlal
Ru
Sif Muna
Trog
Uskayaw
Vehumet
Wu Jian
Xom
Yredelemnul
Zin
The Shining One
Jiyva

Shops:
D:7 [?*?   D:9 *   D:10 ?[:   D:13 (![   D:15 (   Orc:2 *=(   Elf:1 ?
Vaults:1 (   Vaults:5 ?==(?(!*

Portals:
Hell: Depths:1 Depths:2 Depths:3 Depths:4
Abyss: Depths:3 Depths:4
Pandemonium: Depths:1 Depths:2 Depths:3

Annotations:
Shoals:4 Mara
Coc:7 Antaeus


Innate Abilities, Weirdness & Mutations

Your life essence is reduced to manifest your ancestor. (-10% HP)
You are amphibious.
You cover ground slowly.
You can hop long distances.
You have an extended range of vision and can be seen from far away.
You are partially covered in large bone plates. (SH +4)
You have supernaturally acute eyesight. (SInv)
You sometimes lose your temper in combat.
You are strong-willed. (Will+)


Message History

The Executioner is heavily wounded.
You block the Executioner's attack.
Your shield discharges, shocking the Executioner!
The Executioner resists.
You block the Executioner's attack. x2
Yayatum hits the Executioner with a +0 broad axe of speed.
You hit the Executioner.
The Executioner convulses!
The Executioner is severely wounded.
You block the Executioner's attack. x2
The Executioner hits you but does no damage.
You block the Executioner's attack. The Executioner misses you.
The Executioner closely misses you.
Yayatum hits the Executioner with a +0 broad axe of speed!
The Executioner completely misses you. x2
The Executioner hits you but does no damage.
Yayatum barely misses the Executioner.
You completely miss the Executioner.
The Executioner is almost dead.
You block the Executioner's attack. x2
Your shield discharges, shocking the Executioner!
The Executioner resists.
You block the Executioner's attack.
Your shield discharges, shocking the Executioner!
The Executioner resists.
You slash the Executioner!
You kill the Executioner!
No target in view!
No target in view!
(D) Dungeon (T) Temple (L) Lair (A) Shoals (N) Spider Nest (M) Slime Pits (O) Orcish Mines (E) Elven Halls (V) Vaults (C) Crypt (W) Tomb (U) Depths (H) Hell (I) Dis (G) Gehenna (X) Cocytus (Y) Tartarus (Z) Zot
Where to? (Enter - D:1, ? - help) Yayatum is no longer moving quickly.
There is a stone staircase leading up here.
You fly upwards.
There is a stone staircase leading down here.
You reach down and open the door.
There is an open door here.
There is a staircase leading out of the dungeon here.
You have escaped!

.......................#..#####'#
#######....#..............# #.#
......#...#.....#.........# #.#
.####.#.#.#....#.#........#####..
.# #>.......#.#...#.#............
.###....#.###.#...#.#............
..............#.......#...######.
####..#####.#.#.#####............
......##...#..#.@R...#......#####
####.##..##......#....##....#####
# #.#..#....####.......#.......#
# #.#...####......#####.....##..
# #........................#####
####...###############.###### #
.........................# #
####.#..##############.#.########
#.............................


You could see the friendly Yayatum the knight (reflecting).

Vanquished Creatures
  Asmodeus (Geh:7)
  the Royal Jelly (Slime:5)
  Ignacio (Pan)
  Mnoleg (Pan)
  Lom Lobon (Pan)
  An orb of fire (Zot:5)
  9 dread liches
  Dispater (Dis:7)
  Mennas (Crypt:2)
  4 ancient liches
  4 juggernauts
  27 royal mummies
  The ghost of Miownoin the Impregnable, a master GrFi of Ashenzari (Depths:3)
  3 Killer Klowns
  Boris (twice) (Vaults:4 Tomb:2)
  12 shard shrikes
  Margery (Vaults:2)
  Frederick (Depths:4)
  A curse toe (Zot:3)
  24 caustic shrikes
  Geryon (Hell)
  10 golden dragons
  Nikola (Spider:1)
  17 profane servitors
  Jory (Vaults:3)
  13 bone dragons
  2 pearl dragons (Pan)
  18 pandemonium lords
  13 Brimstone Fiends
  6 doom hounds
  13 tentacled monstrosities
  12 Tzitzimimeh
  7 iron giants
  Zenata (Vaults:1)
  22 Ice Fiends
  13 hellephants
  Mlioglotl (Spider:4)
  16 tainted leviathans
  4 liches
  16 Hell Sentinels
  5 titans
  2 electric golems (Zot:5)
  18 Orb Guardians
  2 deep elf master archers (Elf:3)
  2 deep elf blademasters (Elf:3)
  5 quicksilver dragons
  24 Executioners
  9 acid blobs
  6 death cobs
  16 searing wretches
  5 krakens (Shoals:2)
  An eldritch tentacle (Pan)
  8 sphinxes
  Kirke (Shoals:1)
  20 ancient champions
  4 tengu reavers
  8 tentacled starspawn
  3 storm dragons (Zot:4)
  5 revenants
  Ilsuiw (Shoals:2)
  6 shadow dragons
  6 demonspawn warmongers (Pan)
  9 rockslimes
  Donald (Elf:3)
  7 draconian monks
  6 iron dragons
  15 daevas (Pan)
  21 azure jellies
  15 narguns
  2 draconian knights (Zot:2)
  40 balrugs
  4 ghost moths
  13 frost giants
  2 imperial myrmidons (Desolation)
  10 vault wardens
  11 quicksilver elementals
  9 deep elf sorcerers
  4 draconian scorchers
  13 fire giants
  A deep elf elementalist (Elf:3)
  A shard shrike simulacrum (Coc:7)
  3 draconian shifters
  4 orc warlords
  A spectral juggernaut (Tar:5)
  3 emperor scorpions (Spider:4)
  The ghost of bobo the Fighter, a journeyman DrSh of Qazlal (Spider:1)
  17 cacodemons
  19 angels (Pan)
  5 curse skulls
  7 draconian stormcallers
  17 ironbound preservers
  2 ghouls (Crypt:1)
  2 broodmothers (Spider:1)
  A caustic shrike skeleton (Abyss:3)
  4 draconian annihilators
  12 stone giants
  6 demonspawn corrupters
  15 quicksilver oozes
  14 reapers
  The ghost of Cicylist the Cleaver, a journeyman FoFi of Okawaru (D:14)
  2 spriggan defenders
  33 war gargoyles
  2 formless jellyfish (Vaults:3)
  7 vampire knights
  2 ironbound thunderhulks
  15 elemental wellsprings
  10 ophanim (Pan)
  43 very ugly things
  5 demonspawn blood saints
  3 black draconians
  3 deep elf demonologists
  A stone giant (shapeshifter) (Zig:13)
  4 green draconians
  16 apis (Pan)
  A starflower (Abyss:3)
  8 demonspawn black suns
  Nessos (D:13)
  8 wendigos
  14 lorocyprocas
  20 putrid mouths
  7 bennus
  9 yellow draconians
  2 red draconians
  Azrael (D:13)
  4 white draconians
  6 spark wasps
  2 halazid warlocks (Desolation)
  A dire elephant (Vaults:3)
  5 purple draconians
  9 deep elf annihilators
  A spectral titan (Tar:1)
  7 eidola
  3 deep elf death magi
  14 blizzard demons
  14 iron golems
  10 ettins
  16 green deaths
  7 merfolk javelineers
  4 merfolk impalers
  7 fire dragons
  6 great orbs of eyes
  4 spectral spriggans
  5 ragged hierophants (Desolation)
  29 vault guards
  A kraken zombie (Hell)
  A spectral shadow dragon (Tar:1)
  9 deep elf high priests
  Fannar (D:10)
  11 jiangshi
  19 mummy priests
  5 crystal guardians
  The ghost of Taczaky the Blocker, a journeyman MiFi of Ashenzari (Shoals:1)
  6 entropy weavers
  4 rakshasas
  7 servants of whispers (Desolation)
  2 spriggan zombies (Crypt:3)
  3 alligator snapping turtles
  8 peacekeepers
  A spriggan skeleton (Crypt:3)
  2 hydras
  6 caustic shrike simulacra
  14 yaktaur captains
  7 ice dragons
  12 salamander tyrants
  6 hell beasts
  7 ironbound frosthearts
  2 juggernaut simulacra
  A fenstrider witch skeleton (Crypt:1)
  3 merfolk avatars
  4 spriggan air magi
  6 merfolk aquamancers
  5 boulder beetles
  15 centaur warriors
  A jorogumo (Spider:3)
  An alligator (Shoals:4)
  An anaconda (Zig:5)
  2 ogre magi
  29 dancing weapons
  A spectral stone giant (Tar:1)
  4 stokers
  2 death knights
  A satyr (Shoals:3)
  6 two-headed ogres
  32 death scarabs
  A radroach (Spider:3)
  7 tengu warriors
  7 vampire magi
  5 deep troll earth magi
  2 spectral dire elephants
  10 deep troll shamans
  A quicksilver ooze zombie (Crypt:2)
  53 hell hogs
  4 death yaks
  A naga warrior (Zig:5)
  2 spriggan berserkers
  41 soul eaters
  18 thrashing horrors (Abyss:3)
  13 demonic crawlers
  Sonja (D:13)
  A storm dragon zombie (Crypt:3)
  3 orc high priests
  8 spriggans
  78 sun demons
  26 hell knights
  15 crystal echidnas
  2 spectral nagas (Tar:2)
  12 iron trolls
  5 wretched stars (Abyss:3)
  26 skeletal warriors
  8 deep elf knights
  A fire crab (Lair:5)
  3 skysharks
  5 pharaoh ants
  A skyshark (shapeshifter) (Zig:13)
  9 shadow wraiths
  21 sixfirhies
  A spatial maelstrom (Abyss:3)
  17 cherubim (Pan)
  An anaconda zombie (Crypt:3)
  A goliath frog (Shoals:4)
  A sun moth (Spider:2)
  An orb spider (shapeshifter) (Vaults:5)
  6 glowing orange brains
  8 lindwurms
  73 deep trolls
  2 bog bodies (Crypt:1)
  10 sea snakes
  47 large abominations
  9 orb spiders
  5 flayed ghosts
  3 spriggan simulacra
  4 quicksilver dragon simulacra
  A swamp dragon (Lair:5)
  12 shadow demons
  2 kraken simulacra (Coc:7)
  6 steelbarb worms
  11 deep elf archers
  13 ironbound convokers
  3 iron dragon zombies
  2 obsidian statues (Zig:8)
  7 wizards
  12 orc knights
  2 spectral iron dragons
  An anaconda skeleton (Pan)
  5 necromancers
  15 starcursed masses
  An orange crystal statue (Zig:8)
  31 harpies
  22 deep elf zephyrmancers
  A tengu zombie (Vaults:1)
  3 orc sorcerers
  8 phantasmal warriors
  21 deep elf pyromancers
  18 wolf spiders
  2 worldbinders
  6 shining eyes
  A salamander (shapeshifter) (D:14)
  19 manticores
  16 fauns
  18 moths of wrath
  3 cyclopes
  50 ugly things
  An iron dragon skeleton (Abyss:3)
  8 fire giant skeletons (Crypt:3)
  4 elephants (Lair:4)
  8 rust devils
  2 spectral centaurs
  2 naga zombies
  9 merfolk sirens
  A toenail golem (Zot:2)
  7 vault sentinels
  2 centaur zombies
  2 guardian serpents (Desolation)
  10 black mambas
  5 ice statues
  10 water nymphs
  5 titan simulacra
  12 molten gargoyles
  3 gargoyles
  2 eyes of devastation
  54 smoke demons
  A stone giant skeleton (Pan)
  27 orange demons
  7 cane toads
  An apocalypse crab (Zig:11)
  2 torpor snails
  4 spectral swamp worms (Tar:7)
  An alligator snapping turtle zombie (Crypt:3)
  An unseen horror (D:11)
  A sea snake zombie (Hell)
  A steelbarb worm zombie (Crypt:2)
  2 human zombies
  39 hellions
  6 komodo dragons
  5 ice devils
  A rime drake (shapeshifter) (Elf:1)
  A kobold demonologist (D:12)
  39 tormentors
  5 rime drakes
  12 yaktaurs
  An unseen horror zombie (D:8)
  7 anaconda simulacra
  5 tengu conjurers
  9 efreet
  9 freezing wraiths
  4 iron giant simulacra
  2 golden dragon simulacra
  A harpy zombie (Abyss:3)
  4 spectral harpies
  23 merfolk
  15 red devils
  7 ancient zymes (Abyss:3)
  4 silent spectres
  37 guardian mummies
  An iron troll skeleton (Crypt:1)
  10 polar bears
  4 trolls
  10 hornets
  4 human skeletons
  29 hellwings
  A wind drake (Shoals:1)
  21 tarantellas
  A shadow dragon simulacrum (Vaults:3)
  A hornet (shapeshifter) (Vaults:5)
  17 raiju (Abyss:3)
  6 harpy skeletons
  32 saltlings (Desolation)
  13 blink frogs
  4 iron dragon simulacra
  A stone giant simulacrum (Coc:1)
  7 snapping turtles
  7 dream sheep
  A centaur simulacrum (Abyss:3)
  80 slime creatures
  31 flying skulls
  9 culicivoras
  23 jumping spiders
  13 wraiths
  31 ynoxinuls
  48 yaks
  An ettin skeleton (Abyss:3)
  7 fire elementals
  3 shadows (Crypt:3)
  5 vampires
  7 fire dragon skeletons (Crypt:3)
  7 air elementals
  20 chaos spawn
  A guardian serpent skeleton (Crypt:2)
  12 ushabtiu
  A spriggan (shapeshifter) (Elf:3)
  12 golden eyes
  5 basilisks
  16 water elementals
  9 wyverns
  5 fire bats
  4 hogs (Shoals:1)
  3 dire elephant simulacra
  3 steam dragons
  40 redbacks
  A wind drake skeleton (Crypt:2)
  20 neqoxecs
  9 vampire mosquitoes
  4 wargs
  9 harpy simulacra
  A merfolk zombie (Crypt:1)
  2 acid dragons
  16 water moccasins
  A hydra simulacrum (Hell)
  6 hell hounds
  5 naga skeletons
  A floating eye (Zot:4)
  A water moccasin (shapeshifter) (D:13)
  A deep troll skeleton (Crypt:1)
  3 spectral snapping turtles (Shoals:1)
  24 orc warriors
  A two-headed ogre skeleton (Pan)
  A black bear (D:4)
  A blink frog zombie (Crypt:1)
  2 swamp drakes
  8 sky beasts
  9 ogres
  3 ettin simulacra (Coc:7)
  A swamp dragon skeleton (Pan)
  4 boggarts (Vaults:3)
  15 wolves
  4 centaurs
  A phantom (D:4)
  8 kobold brigands
  2 wyvern zombies (D:8)
  3 earth elementals
  6 bullfrogs
  A naga simulacrum (Coc:7)
  A two-headed ogre simulacrum (Coc:1)
  2 gnoll sergeants
  2 necrophages (Crypt:1)
  3 scorpions
  17 small abominations (Abyss:3)
  9 wights
  A swamp dragon simulacrum (Coc:2)
  A troll zombie (Crypt:2)
  A shapeshifter skeleton (Crypt:1)
  11 killer bees
  7 electric eels
  A wolf zombie (Crypt:2)
  8 howler monkeys
  6 crimson imps (Pan)
  A troll skeleton (Crypt:1)
  A lava snake (D:15)
  A gnoll bouda (D:8)
  3 hounds
  27 orc priests
  5 iguanas
  2 iron imps (Abyss:3)
  2 sleepcaps
  3 lightning spires (Depths:1)
  3 hell rats (Lair:2)
  25 orc wizards
  An acid dragon skeleton (Crypt:2)
  31 mummies
  A howler monkey zombie (D:8)
  12 gnolls
  3 adders
  3 white imps (Abyss:3)
  6 ufetubi
  7 worms
  2 dart slugs
  55 orcs
  12 ball pythons
  11 endoplasms
  8 giant cockroaches
  A gnoll zombie (Ossuary)
  7 hobgoblins
  5 jackals (D:3)
  7 quokkas
  3 bats
  4 frilled lizards
  10 goblins
  5 goblin zombies
  2 hobgoblin zombies
  27 kobolds
  A kobold zombie (Ossuary)
  A quokka zombie (Crypt:2)
  9 rats
  A rat skeleton (Crypt:2)
  A ball lightning (Pan)
  3 creeping infernos
  43 fire vortices
  A lurking horror (Abyss:3)
  4 starspawn tentacles
  15 tentacles
3886 creatures vanquished.

Vanquished Creatures (collateral kills)
  Cerebov (Pan)
  Ereshkigal (Tar:7)
  Gloorx Vloq (Pan)
  A seraph (Pan)
  the Serpent of Hell (Coc:7)
  3 dread liches
  7 ancient liches
  An orb of fire (Zot:5)
  9 royal mummies
  6 Killer Klowns
  5 shard shrikes
  A curse toe (Zot:5)
  6 caustic shrikes
  2 golden dragons
  3 profane servitors (Tar:7)
  7 bone dragons
  2 doom hounds
  2 Brimstone Fiends
  4 iron giants
  6 Tzitzimimeh
  6 pandemonium lords
  5 Ice Fiends
  3 Hell Sentinels
  6 hellephants
  A tentacled monstrosity (Zot:5)
  6 liches
  The ghost of Joll the Tortoise, an adept FoRe of Jiyva (Vaults:4)
  11 Orb Guardians
  9 tainted leviathans
  A walking crystal tome (Depths:3)
  A quicksilver dragon (Zot:5)
  3 titans
  4 searing wretches
  2 krakens
  A deep elf master archer (Zig:6)
  7 sphinxes
  2 death cobs
  9 acid blobs
  5 Executioners
  6 ancient champions
  3 tentacled starspawn (Abyss:3)
  3 storm dragons
  2 shadow dragons
  2 azure jellies (Coc:7)
  A tengu reaver (Vaults:5)
  2 revenants
  3 rockslimes (Slime:5)
  3 draconian monks (Zot:2)
  A fenstrider witch (shapeshifter) (Zig:13)
  4 daevas (Pan)
  Aizul (Vaults:2)
  8 narguns (Coc:7)
  A deep elf sorcerer (Elf:2)
  8 frost giants
  3 quicksilver elementals
  A frost giant (shapeshifter) (Zig:11)
  4 demonspawn warmongers
  21 balrugs
  A vault warden (Vaults:2)
  7 fire giants
  2 emperor scorpions (Spider:4)
  A fire giant (shapeshifter) (Zig:13)
  A draconian knight (Zot:2)
  2 iron dragons
  A draconian shifter (Depths:4)
  A shard shrike simulacrum (Coc:7)
  8 angels
  A ghost moth (Spider:4)
  A deep elf elementalist (Elf:3)
  3 demonspawn blood saints
  A curse skull (Crypt:3)
  An orc warlord (Vaults:3)
  9 cacodemons
  A spriggan defender (Depths:3)
  3 draconian annihilators
  2 ghouls
  A formless jellyfish (Vaults:2)
  2 broodmothers
  8 demonspawn corrupters
  A draconian stormcaller (Zot:2)
  4 quicksilver oozes
  20 very ugly things
  4 ophanim (Pan)
  7 ironbound thunderhulks
  10 reapers
  9 ironbound preservers
  8 elemental wellsprings
  17 war gargoyles
  4 stone giants
  A deep elf demonologist (Elf:3)
  9 putrid mouths
  7 deep elf annihilators
  5 vampire knights
  4 red draconians
  6 apis (Pan)
  A green draconian (Zot:2)
  6 lorocyprocas (Pan)
  3 white draconians
  4 yellow draconians
  4 wendigos
  5 bennus
  3 demonspawn black suns
  A black draconian (Zot:3)
  3 purple draconians
  A spark wasp (Spider:4)
  A spectral titan (Tar:3)
  6 blizzard demons
  7 ettins
  5 merfolk javelineers
  4 mummy priests
  A crystal guardian (Vaults:4)
  A ragged hierophant (Desolation)
  3 deep elf death magi
  2 eidola (Zig:10)
  5 merfolk impalers
  5 green deaths
  An entropy weaver (Vaults:3)
  A jiangshi (Crypt:1)
  6 fire dragons
  Erolcha (D:13)
  5 iron golems
  7 great orbs of eyes
  4 yaktaur captains
  3 salamander tyrants
  3 rakshasas
  2 spectral krakens
  An ice dragon (Depths:3)
  3 servants of whispers (Desolation)
  A peacekeeper (Vaults:2)
  4 spriggan air magi
  3 vault guards (Vaults:4)
  3 juggernaut simulacra
  3 ironbound frosthearts
  3 centaur warriors (Vaults:1)
  A radroach (Spider:1)
  2 merfolk avatars
  An alligator snapping turtle (Shoals:4)
  2 jorogumos
  3 caustic shrike simulacra
  3 stokers
  A two-headed ogre (shapeshifter) (Zig:11)
  2 death knights
  5 deep troll earth magi
  4 deep troll shamans
  A two-headed ogre (D:11)
  A merfolk aquamancer (Shoals:2)
  7 dancing weapons
  3 demonic crawlers
  11 death scarabs
  4 death yaks
  20 hell hogs
  An orc high priest (Orc:2)
  9 thrashing horrors (Abyss:3)
  A titan zombie (Abyss:3)
  A spectral dire elephant (Tar:5)
  3 spriggan berserkers
  Urug (Lair:3)
  8 soul eaters
  3 vampire magi
  27 sun demons
  6 deep elf knights
  A shadow wraith (Pan)
  2 skysharks
  11 hell knights
  7 sixfirhies
  6 iron trolls
  5 skeletal warriors
  39 deep trolls
  3 wretched stars (Abyss:3)
  4 pharaoh ants
  A golden dragon zombie (Crypt:1)
  A sea snake (Shoals:3)
  2 spatial maelstroms (Abyss:3)
  3 quicksilver dragon simulacra (Coc:7)
  2 glowing orange brains (Pan)
  An orb spider (shapeshifter) (D:14)
  An anaconda zombie (Hell)
  A kraken simulacrum (Coc:7)
  3 shadow demons (Pan)
  A naga ritualist (Zig:5)
  4 lindwurms
  8 harpies
  6 wizards
  7 deep elf zephyrmancers
  Pikel (D:9)
  2 spriggan simulacra (Coc:7)
  A bog body (Crypt:1)
  6 ironbound convokers
  12 large abominations
  2 bunyip skeletons
  A phantasmal warrior (Vaults:3)
  A mana viper (Abyss:3)
  3 deep elf pyromancers
  4 necromancers
  5 orc sorcerers
  2 orc knights (Orc:2)
  A faun (Shoals:1)
  10 wolf spiders
  A shining eye (Slime:3)
  28 ugly things
  3 cyclopes
  7 moths of wrath
  3 manticores
  2 dire elephant zombies
  3 elephants (Lair:4)
  2 merfolk sirens
  An apocalypse crab (Zig:11)
  A guardian serpent (Lair:5)
  A rust devil (Depths:2)
  12 smoke demons
  3 black mambas
  8 orange demons (Pan)
  4 molten gargoyles
  6 vault sentinels
  3 torpor snails
  An eye of devastation (shapeshifter) (Depths:4)
  2 gargoyles (Crypt:3)
  2 cane toads
  A naga mage (Zig:5)
  A dire elephant skeleton (Crypt:1)
  3 titan simulacra
  2 spectral swamp worms (Tar:7)
  5 hellions
  A spectral sea snake (Shoals:1)
  3 unseen horrors
  2 centaur skeletons
  A bunyip simulacrum (Coc:1)
  A kobold demonologist (D:12)
  2 efreet
  3 komodo dragons
  3 yaktaurs (Vaults:2)
  An iron giant simulacrum (Coc:6)
  A freezing wraith (Crypt:2)
  An ancient zyme (Abyss:3)
  2 anaconda simulacra
  An ice devil (Pan)
  17 guardian mummies
  A tengu conjurer (D:15)
  4 red devils (Pan)
  A purple draconian skeleton (Crypt:1)
  A yaktaur skeleton (Vaults:1)
  3 tormentors
  4 trolls
  A silent spectre (Tar:3)
  12 merfolk
  A merfolk (shapeshifter) (Vaults:5)
  2 hydra zombies (Hell)
  A sea snake skeleton (Hell)
  A hornet (Lair:5)
  2 hellwings (Pan)
  5 polar bears (IceCv)
  9 raiju (Abyss:3)
  A hydra skeleton (Hell)
  12 tarantellas
  A wind drake (Shoals:4)
  21 saltlings (Desolation)
  7 blink frogs
  3 dream sheep
  16 flying skulls
  6 jumping spiders
  A fire dragon skeleton (Crypt:3)
  47 slime creatures
  An ettin skeleton (Crypt:3)
  A dire elephant simulacrum (Coc:1)
  4 culicivoras
  A vampire (D:11)
  5 wyverns
  12 ushabtiu
  3 water elementals
  A wraith (D:10)
  A spriggan (Depths:4)
  10 ynoxinuls
  A naga simulacrum (Coc:7)
  A hog (shapeshifter) (Vaults:5)
  A starcursed mass (Abyss:1)
  30 yaks
  2 hogs (Shoals:1)
  9 chaos spawn
  14 neqoxecs
  A basilisk (Lair:2)
  7 golden eyes
  11 small abominations (Abyss:3)
  11 redbacks
  4 vampire mosquitoes
  4 harpy simulacra
  2 spatial vortices (Abyss:3)
  4 wargs
  A naga zombie (Crypt:2)
  5 water moccasins
  2 hell hounds
  A spectral snapping turtle (Shoals:1)
  An acid dragon (Lair:5)
  3 floating eyes
  An ice beast (D:8)
  18 orc warriors
  2 ettin simulacra
  2 centaurs (D:15)
  4 ogres
  A boggart (Vaults:2)
  6 wolves
  2 lemures
  A bullfrog (Lair:2)
  2 crimson imps (Pan)
  A quasit (Abyss:3)
  3 orc priests
  2 human zombies (Crypt:1)
  A hell rat (Lair:2)
  14 orc wizards
  A lightning spire (Depths:1)
  23 mummies
  An adder (D:8)
  3 gnolls
  A shadow imp (Abyss:3)
  3 white imps (Abyss:3)
  18 orcs
  2 kobolds (D:12)
  A river rat skeleton (Crypt:2)
  A creeping inferno (Geh:2)
  7 fire vortices
  5 starspawn tentacles
  6 tentacles
1421 creatures vanquished.

Vanquished Creatures (others)
  A Brimstone Fiend (Geh:6)
  3 tainted leviathans
  Asterion (Elf:2)
  A searing wretch (Geh:6)
  2 eldritch tentacles
  2 demonspawn warmongers (Pan)
  A fire giant (Geh:3)
  A balrug (Pan)
  A frost giant (Coc:1)
  A demonspawn blood saint (Pan)
  An ironbound preserver (Vaults:5)
  2 stone giants
  A lorocyproca (Zig:8)
  2 yaktaur captains
  An ogre mage (Vaults:5)
  A stoker (Geh:4)
  A death scarab (Tomb:2)
  A deep troll earth mage (Depths:2)
  A thrashing horror (Abyss:3)
  2 sun demons (Pan)
  A cherub (Pan)
  A quicksilver dragon simulacrum (Coc:7)
  A deep elf archer (Elf:1)
  A tengu skeleton (Hell)
  A black mamba (Zig:5)
  A guardian serpent (Desolation)
  A yaktaur (Vaults:5)
  A shadow dragon simulacrum (Coc:1)
  2 saltlings (Desolation)
  A hornet (Depths:3)
  A raiju (Abyss:3)
  A ynoxinul (Pan)
  A water elemental (Zig:6)
  A fire bat (Pan)
  A golden eye (Abyss:3)
  An orc warrior (Zig:4)
  A wolf (IceCv)
  A small abomination (Abyss:3)
  2 ancestors
  112 knights
  An orc wizard (Orc:2)
  10 ball lightnings
  A creeping inferno (Hell)
  4 fire vortices
  A lurking horror (Abyss:3)
  16 starspawn tentacles (Abyss:3)
  111 tentacles
304 creatures vanquished.

Grand Total: 5611 creatures vanquished

Notes
Turn   | Place    | Note
-------+----------+-------------------------------------------
     0 | D:1      | juan097 the Barachi Hunter began the quest for the Orb.
     0 | D:1      | Reached XP level 1. HP: 17/17 MP: 1/1
    41 | D:1      | Reached skill level 1 in Stealth
   112 | D:1      | Reached XP level 2. HP: 23/23 MP: 2/2
   349 | D:1      | Reached XP level 3. HP: 28/28 MP: 3/3
   481 | D:1      | Found a faded altar of an unknown god.
   948 | D:2      | Reached XP level 4. HP: 35/35 MP: 4/4
  1283 | D:3      | Found an opulent altar of Gozag.
  1363 | D:3      | You fall into a shaft and drop 1 floor!
  1377 | D:4      | Reached XP level 5. HP: 30/41 MP: 5/5
  1469 | D:3      | Reached skill level 1 in Short Blades
  1475 | D:3      | Found a glowing drain.
  1479 | Sewer    | Entered a sewer
  1481 | Sewer    | Noticed a kobold brigand
  1500 | Sewer    | Killed a kobold brigand
  1501 | Sewer    | Reached skill level 5 in Ranged Weapons
  1623 | Sewer    | Noticed a kobold brigand
  1756 | Sewer    | Reached XP level 6. HP: 48/48 MP: 6/6
  1888 | Sewer    | Reached XP level 7. HP: 25/54 MP: 7/7
  2867 | D:4      | Found a sparkling altar of Nemelex Xobeh.
  2960 | D:4      | Found a snail-covered altar of Cheibriados.
  3202 | D:5      | Entered Level 5 of the Dungeon
  3285 | D:5      | Reached skill level 5 in Fighting
  3546 | D:5      | Reached XP level 8. HP: 48/62 MP: 5/8
  4121 | D:5      | Found a staircase to the Ecumenical Temple.
  4134 | Temple   | Entered the Ecumenical Temple
  4480 | D:6      | Found a radiant altar of Vehumet.
  4611 | D:6      | Found a sand-covered staircase.
  4623 | Ossuary  | Entered an ossuary
  4623 | Ossuary  | Noticed a wraith
  4623 | Ossuary  | Noticed a wraith
  4623 | Ossuary  | Noticed a wraith
  4787 | Ossuary  | Reached skill level 1 in Evocations
  4922 | Ossuary  | Reached skill level 1 in Armour
  5049 | Ossuary  | Noticed a wraith
  5383 | D:6      | Found a stormy altar of Qazlal.
  5456 | D:6      | Found a bloodstained altar of Trog.
  5680 | D:6      | Found an ornate altar of the Wu Jian Council.
  5778 | D:7      | Found Seph's Armour Emporium.
  5788 | D:7      | Found Xusi's Magic Scroll Shoppe.
  5900 | D:7      | Found a hazy altar of Hepliaklqana.
  5905 | D:7      | Became a worshipper of Hepliaklqana the Forgotten
  5954 | D:7      | Reached XP level 9. HP: 67/71 MP: 7/9
  5993 | D:7      | Found a flagged portal.
  6001 | D:7      | Identified the +10 hand axe "Mohuk" {freeze, Str+2}
  6006 | Bailey   | Entered a bailey
  6066 | Bailey   | Noticed an orc warlord
  6508 | Bailey   | Found a runed translucent gate.
  6510 | Bailey   | Found a runed translucent gate.
  6512 | Bailey   | Found a runed translucent gate.
  7052 | Bailey   | Killed an orc warlord
  7319 | D:7      | Found a shimmering altar of Xom.
  7519 | D:7      | Found a blossoming altar of Fedhas.
  7527 | D:7      | Found Afinurr's Magic Scroll Shoppe.
  7527 | D:7      | Found Zas Qaff's General Store.
  7543 | D:7      | Bought a scroll of poison for 60 gold pieces
  7644 | D:7      | Found a burning altar of Makhleb.
  7685 | D:7      | Found a white marble altar of Elyvilon.
  7780 | D:7      | Found a glowing golden altar of the Shining One.
  7942 | D:7      | Bought a scroll of noise for 15 gold pieces
  7945 | D:7      | Bought a scroll of fog for 60 gold pieces
  8075 | D:8      | Reached XP level 10. HP: 63/80 MP: 7/10
  8183 | D:7      | Bought a scroll of enchant armour for 97 gold pieces
  8183 | D:7      | Bought a scroll of identify for 26 gold pieces
  8183 | D:7      | Bought a scroll of identify for 26 gold pieces
  8183 | D:7      | Bought a scroll of identify for 26 gold pieces
  8210 | D:7      | Bought a potion of berserk rage for 75 gold pieces
  8278 | D:7      | Bought a scroll of identify for 30 gold pieces
  8385 | D:8      | Reached skill level 10 in Ranged Weapons
  9092 | D:8      | Reached * piety under Hepliaklqana
  9134 | D:8      | Found a sacrificial altar of Ru.
  9314 | D:8      | Found a faded altar of an unknown god.
  9314 | D:8      | Found a shimmering blue altar of Sif Muna.
  9329 | D:8      | Found a faded altar of an unknown god.
  9331 | D:8      | Found a hide-covered altar of Uskayaw.
  9333 | D:8      | Found an iron altar of Okawaru.
  9824 | D:7      | Bought a scroll of revelation for 112 gold pieces
 10016 | D:9      | Found a glowing silver altar of Zin.
 10016 | D:9      | Found Zin's Purification Station.
 10059 | D:9      | Reached ** piety under Hepliaklqana
 10060 | D:9      | Remembered your ancestor Yayatum as a knight
 10074 | D:9      | Found a shadowy altar of Dithmenos.
 10416 | D:9      | Noticed Pikel
 10430 | D:9      | Noticed a two-headed ogre
 10490 | D:9      | Killed a two-headed ogre
 10491 | D:9      | Reached skill level 5 in Armour
 10491 | D:9      | Reached skill level 5 in Dodging
 10491 | D:9      | Reached XP level 11. HP: 78/78 MP: 11/11
 10548 | D:9      | Killed Pikel
 10611 | D:9      | Found a basalt altar of Yredelemnul.
 10658 | D:9      | Found a broken altar of Ashenzari.
 10864 | D:10     | Entered Level 10 of the Dungeon
 10864 | D:10     | Noticed Fannar
 10885 | D:10     | Killed Fannar
 11229 | D:10     | Found Kumaz's Magic Scroll Shop.
 11230 | D:10     | Upgraded the game from 0.31-a0-344-gd109795599 to
                  | 0.31-a0-345-g1ebeae05c6
 11273 | D:10     | Found Goizxip's Armour Shop.
 11382 | D:10     | Found Ysaott's Book Shoppe.
 11715 | D:11     | Reached *** piety under Hepliaklqana
 11734 | D:11     | Found a frozen archway.
 11734 | D:11     | Noticed an ice dragon
 11752 | D:11     | Killed an ice dragon
 11753 | D:11     | Reached skill level 10 in Fighting
 11753 | D:11     | Reached skill level 1 in Invocations
 11915 | IceCv    | Entered an ice cave
 12708 | IceCv    | Reached XP level 12. HP: 87/87 MP: 15/15
 12865 | IceCv    | Noticed a death yak
 12865 | IceCv    | Noticed a death yak
 12866 | IceCv    | Noticed a death yak
 13153 | IceCv    | Reached skill level 5 in Invocations
 13464 | IceCv    | Reached skill level 1 in Long Blades
 13494 | IceCv    | Killed a death yak
 13561 | IceCv    | Killed a death yak
 13610 | IceCv    | Killed a death yak
 13646 | IceCv    | Reached skill level 5 in Evocations
 13693 | IceCv    | Noticed an ironbound frostheart
 13693 | IceCv    | Noticed an ironbound frostheart
 13780 | IceCv    | Killed an ironbound frostheart
 13969 | IceCv    | Found the ring of the Octopus King
 13972 | IceCv    | Identified a ring of the Octopus King {HP+2 MP+9 AC+2 EV+2
                  | SH+2}
 14014 | IceCv    | Killed an ironbound frostheart
 14242 | D:11     | Noticed a two-headed ogre
 14250 | D:11     | Killed a two-headed ogre
 14251 | D:11     | Reached skill level 5 in Long Blades
 14285 | D:11     | Found a staircase to the Lair.
 14558 | D:11     | Found a staircase to the Orcish Mines.
 15181 | Lair:1   | Entered Level 1 of the Lair of Beasts
 15313 | D:10     | Bought a +2 pair of boots of flying for 322 gold pieces
 15357 | Lair:1   | Gained mutation: You can hop long distances. [Barachi
                  | growth]
 15357 | Lair:1   | Reached XP level 13. HP: 92/92 MP: 18/18
 16806 | Lair:2   | Reached **** piety under Hepliaklqana
 16807 | Lair:2   | Identified a scroll of acquirement
 16885 | Lair:2   | Acquired the +1 helmet of Analysis {rF+ rC+ Will+ Dex+2}
 16963 | Lair:2   | Found a staircase to the Shoals.
 17459 | Lair:3   | Found a hole to the Spider Nest.
 17779 | Lair:3   | Identified the +7 chain mail "Cust" {Str+7}
 18261 | Lair:3   | Noticed Urug
 18284 | Lair:3   | Killed Urug
 18823 | Lair:4   | Identified the +2 hand axe of Subjectivity {flame, Fly
                  | rPois}
 18948 | Lair:4   | Found a staircase to the Slime Pits.
 19056 | Lair:4   | Reached XP level 14. HP: 104/104 MP: 20/20
 19271 | Lair:4   | Reached XP level 15. HP: 110/110 MP: 21/21
 19488 | Lair:4   | Reached skill level 10 in Armour
 19714 | Orc:1    | Entered Level 1 of the Orcish Mines
 19771 | Orc:1    | Found a shimmering blue altar of Sif Muna.
 19953 | Orc:1    | Reached ***** piety under Hepliaklqana
 20091 | Orc:2    | Entered Level 2 of the Orcish Mines
 20567 | Orc:2    | Found a staircase to the Elven Halls.
 20814 | Orc:2    | Reached skill level 15 in Ranged Weapons
 20819 | Orc:2    | Noticed an orc warlord
 20858 | Orc:2    | Killed an orc warlord
 21494 | Orc:2    | Found Qoug's Antique Armour Boutique.
 21495 | Orc:2    | Found Urockime's Antique Weapon Shop.
 21499 | Orc:2    | Found Bimp's General Store.
 21499 | Orc:2    | Found Juzxoziemm's Jewellery Boutique.
 21661 | Orc:2    | Bought a scorched arbalest for 313 gold pieces
 21661 | Orc:2    | Identified the +4 arbalest of Objectivity {freeze, rC+}
                  | (You bought it in a shop on level 2 of the Orcish Mines)
 22127 | D:10     | Bought a scroll of blinking for 82 gold pieces
 22127 | D:10     | Bought a scroll of poison for 44 gold pieces
 22127 | D:10     | Bought a scroll of poison for 44 gold pieces
 22280 | Lair:5   | Entered Level 5 of the Lair of Beasts
 22843 | Lair:5   | Reached XP level 16. HP: 119/119 MP: 22/22
 23697 | D:12     | Identified the +7 morningstar of Wrongful Imprisonment
                  | {drain, Int+3 Dex+4}
 24429 | D:13     | Found Wivog's Antique Weapon Shop.
 24479 | D:13     | Noticed Erolcha
 24493 | D:13     | Killed Erolcha
 24648 | D:13     | Noticed Nessos
 24652 | D:13     | Killed Nessos
 24821 | D:13     | Found Wuiwyar's Distillery.
 24830 | D:13     | Identified the +5 glaive "Earthworm" {speed, Fragile rF+++
                  | rC++ Int+3}
 24831 | D:13     | Noticed Sonja
 24832 | D:13     | Killed Sonja
 24842 | D:13     | Bought 2 potions of haste for 280 gold pieces
 24842 | D:13     | Bought a potion of heal wounds for 70 gold pieces
 24919 | D:13     | Found a gate to the Vaults.
 25206 | D:13     | Found Nyoclergh's Antique Armour Shop.
 25222 | D:13     | Noticed Azrael
 25227 | D:13     | Killed Azrael
 25664 | D:14     | Found a runed translucent gate.
 25664 | D:14     | Found a runed translucent gate.
 25664 | D:14     | Found a runed translucent gate.
 25664 | D:14     | Noticed Cicylist's ghost (journeyman FoFi)
 25735 | D:14     | Reached skill level 15 in Fighting
 26467 | D:14     | Found a runed translucent door.
 27154 | D:14     | Killed Cicylist's ghost
 27216 | D:14     | Identified the +0 ring mail of Generosity {Dex+3}
 27281 | D:14     | Reached XP level 17. HP: 122/127 MP: 24/24
 27282 | D:14     | Reached skill level 10 in Dodging
 27353 | D:15     | Entered Level 15 of the Dungeon
 27511 | D:15     | Found a staircase to the Depths.
 27517 | D:15     | Reached skill level 10 in Evocations
 28131 | D:15     | Found Liez's Weapon Boutique.
 28457 | Shoals:1 | Entered Level 1 of the Shoals
 28974 | Shoals:1 | Reached skill level 10 in Invocations
 29053 | Shoals:1 | Learned a level 1 spell: Apportation
 29203 | Shoals:1 | Noticed Kirke
 29217 | Shoals:1 | Killed Kirke
 29924 | Shoals:1 | Found a transporter.
 29929 | Shoals:1 | Found a transporter.
 29930 | Shoals:1 | Noticed Taczaky's ghost (journeyman MiFi)
 30242 | Shoals:2 | Noticed a kraken
 30242 | Shoals:2 | Noticed a kraken
 30242 | Shoals:2 | Noticed a kraken
 30242 | Shoals:2 | Noticed a kraken
 30482 | Shoals:2 | Reached skill level 1 in Translocations
 30621 | Shoals:2 | Killed a kraken
 30638 | Shoals:2 | Killed a kraken
 30710 | Shoals:2 | Killed a kraken
 30729 | Shoals:2 | Noticed Ilsuiw
 30757 | Shoals:2 | Killed Ilsuiw
 30758 | Shoals:2 | Reached XP level 18. HP: 120/135 MP: 25/25
 30972 | Shoals:2 | Acquired the +2 pair of boots of Autumn {+Blink rC- Regen+
                  | Stlth+}
 31808 | Shoals:3 | Reached skill level 15 in Armour
 32030 | Shoals:3 | Identified the +3 ring mail of Idealism {Int+3 Dex-5
                  | Slay+3}
 32298 | Shoals:4 | Entered Level 4 of the Shoals
 32636 | Shoals:4 | Reached ****** piety under Hepliaklqana
 33099 | Shoals:4 | Noticed Mara
 33110 | Shoals:4 | Noticed juan097's illusion
 33291 | Shoals:4 | Reached XP level 19. HP: 99/146 MP: 26/26
 33552 | Shoals:4 | Identified the staff "Eluemaos" {rN+ Str+4 Necro}
 33651 | Shoals:4 | Got a barnacled rune of Zot
 33737 | Shoals:4 | Noticed juan097's illusion
 33878 | Spider:1 | Entered Level 1 of the Spider Nest
 33888 | Spider:1 | Reached skill level 5 in Translocations
 34124 | Spider:1 | Noticed Nikola
 34139 | Spider:1 | Killed Nikola
 34274 | Spider:1 | Learned a level 4 spell: Passage of Golubria
 34732 | Spider:1 | Found a runed translucent door.
 34948 | Spider:1 | Noticed bobo's ghost (journeyman DrSh)
 36589 | Spider:3 | Identified the +4 hand crossbow "Spiderbane" {heavy, rF+}
 36649 | Spider:4 | Entered Level 4 of the Spider Nest
 36650 | Spider:4 | Noticed Mlioglotl
 36656 | Spider:4 | Killed Mlioglotl
 37423 | Spider:4 | Reached XP level 20. HP: 158/158 MP: 27/27
 37784 | Spider:4 | Got a gossamer rune of Zot
 38374 | Vaults:1 | Entered Level 1 of the Vaults
 38392 | Vaults:1 | Reached skill level 1 in Shields
 38772 | D:7      | Bought the +8 chain mail of Indemnity {rPois Regen+ Int+3}
                  | for 744 gold pieces
 38926 | Vaults:1 | Reached skill level 5 in Shields
 39391 | Vaults:1 | Learned a level 2 spell: Passwall
 39599 | Vaults:1 | Noticed Zenata
 39607 | Vaults:1 | Killed Zenata
 39608 | Vaults:1 | Found Bylic's Weapon Emporium.
 39821 | Vaults:1 | Reached skill level 10 in Shields
 39830 | Vaults:1 | Identified the +9 rapier "Narchull" {venom, SInv}
 40608 | Vaults:2 | Reached XP level 21. HP: 149/164 MP: 28/28
 40684 | Vaults:2 | Noticed Margery
 40919 | Vaults:2 | Killed Margery
 41045 | Vaults:2 | Noticed Aizul
 41050 | Vaults:2 | Killed Aizul
 41362 | Vaults:2 | Reached skill level 15 in Shields
 41879 | Vaults:3 | Noticed Jory
 41897 | Vaults:3 | Killed Jory
 41988 | Vaults:3 | Found the +8 storm bow {elec, penet}
 42321 | Vaults:3 | Paralysed by a formless jellyfish for 1 turns
 42463 | Vaults:3 | Found a staircase to the Crypt.
 42736 | Vaults:3 | Reached XP level 22. HP: 172/172 MP: 29/29
 42740 | Vaults:3 | Reached skill level 5 in Short Blades
 42840 | Vaults:3 | Reached skill level 5 in Stealth
 43268 | Vaults:4 | Found a flickering gateway to a bazaar.
 43276 | Vaults:4 | Found a large runed translucent door.
 43276 | Vaults:4 | Found a large runed translucent door.
 43276 | Vaults:4 | Found a large runed translucent door.
 43277 | Vaults:4 | Found a large runed translucent door.
 43277 | Vaults:4 | Found a large runed translucent door.
 43277 | Vaults:4 | Found a large runed translucent door.
 43277 | Vaults:4 | Noticed Joll's ghost (adept FoRe)
 43278 | Vaults:4 | Found a large runed translucent door.
 43278 | Vaults:4 | Found a large runed translucent door.
 43288 | Bazaar   | Entered a bazaar
 43307 | Bazaar   | Found Xeabb's Magic Scroll Shop.
 43320 | Bazaar   | Found Usyumipt's Distillery.
 43320 | Bazaar   | Found Lejepp's Weapon Shop.
 43347 | Bazaar   | Found Yhinex's Antique Armour Boutique.
 43380 | Bazaar   | Bought a potion of heal wounds for 45 gold pieces
 43380 | Bazaar   | Bought a potion of invisibility for 72 gold pieces
 43380 | Bazaar   | Bought a potion of heal wounds for 45 gold pieces
 43380 | Bazaar   | Bought a potion of heal wounds for 45 gold pieces
 43380 | Bazaar   | Bought a potion of heal wounds for 45 gold pieces
 43380 | Bazaar   | Bought a potion of might for 36 gold pieces
 43392 | Bazaar   | Bought a scroll of fog for 44 gold pieces
 43392 | Bazaar   | Bought a scroll of silence for 104 gold pieces
 43600 | Vaults:4 | Noticed Boris
 43635 | Vaults:4 | Upgraded the game from 0.31-a0-345-g1ebeae05c6 to
                  | 0.31-a0-354-g827e0957a7
 43771 | Vaults:4 | Killed Boris
 44319 | Vaults:4 | Killed Joll's ghost
 44632 | Depths:1 | Entered Level 1 of the Depths
 44677 | Depths:1 | Reached skill level 1 in Transmutations
 44677 | Depths:1 | Reached skill level 1 in Earth Magic
 44680 | Depths:1 | Reached skill level 1 in Spellcasting
 44842 | Depths:1 | Found a gateway to Hell.
 45154 | Depths:1 | Found a one-way gate leading to the halls of Pandemonium.
 45494 | Depths:1 | Reached XP level 23. HP: 180/180 MP: 30/30
 45589 | Depths:1 | Found a runed translucent door.
 45717 | Depths:2 | Noticed a juggernaut
 45719 | Depths:2 | Reached skill level 5 in Transmutations
 45986 | Depths:1 | Killed a juggernaut
 45987 | Depths:1 | Reached skill level 5 in Earth Magic
 46371 | Depths:2 | Noticed a caustic shrike
 46405 | Depths:2 | Killed a caustic shrike
 46676 | Depths:2 | You fall into a shaft and drop 2 floors!
 46676 | Depths:4 | Entered Level 4 of the Depths
 46873 | Depths:4 | Found a one-way gate to the infinite horrors of the Abyss.
 46951 | Depths:4 | Reached skill level 10 in Translocations
 47077 | Depths:4 | Found an iron altar of Okawaru.
 47198 | Depths:4 | Reached XP level 24. HP: 186/187 MP: 30/30
 47311 | Depths:4 | Found a gate to the Realm of Zot.
 47410 | Depths:4 | Found a one-way gateway to a ziggurat.
 47706 | Depths:3 | Noticed Frederick
 47721 | Depths:4 | Killed Frederick
 47829 | Depths:3 | Paralysed by a floating eye for 4 turns
 47837 | Depths:3 | Reached skill level 10 in Short Blades
 47849 | Depths:3 | Found a transporter.
 47878 | Depths:3 | Reached skill level 10 in Transmutations
 48932 | Depths:3 | Reached skill level 5 in Spellcasting
 49323 | Depths:3 | Found a transporter.
 49323 | Depths:3 | Noticed Miownoin's ghost (master GrFi)
 49324 | Depths:3 | Identified the +2 giant spiked club of Wazydott {freeze,
                  | MP+9}
 49325 | Depths:3 | Identified the +9 great mace of Extermination {heavy, *Rage
                  | rElec Will++ Int-3}
 49837 | Elf:1    | Entered Level 1 of the Elven Halls
 49898 | Elf:1    | Found a crumbling gateway.
 49914 | Desolati | Entered the Desolation of Salt
 50057 | Desolati | Identified the ring "Gaimigg" {Str+6 Stlth+}
 50150 | Desolati | Reached XP level 25. HP: 99/171 MP: 32/32
 50200 | Desolati | Identified the staff "Goblinslayer" {rElec rPois rF+ rC+
                  | Fire}
 50208 | Desolati | Identified the amulet "Tuclicis" {Faith Str+4 Int-3 Dex+8}
 50213 | Desolati | Got the Compilation of the Gathering and the Mesa
 50230 | Desolati | Got the Elucidation of the Blink Frog
 50232 | Desolati | Got Cagho's Spellbook of Rime and Profane Rites
 50239 | Desolati | Learned a level 3 spell: Portal Projectile
 50240 | Desolati | Identified the +8 broad axe of Exoneration {freeze, Contam
                  | Int+3 SInv}
 50247 | Desolati | Learned a level 3 spell: Vhi's Electric Charge
 50311 | Desolati | Got the Encyclopedia of Changed Points
 50317 | Desolati | Got the Meditations on Calorific Frost
 50321 | Desolati | Learned a level 2 spell: Wereblood
 50352 | Desolati | Identified the +7 whip of Inwier {elec, +Blink rN+ Will+
                  | Int-4}
 50352 | Desolati | Identified the quicksilver dragon scales of Lozar {rPois
                  | Will+ Dex+4 SInv}
 50355 | Desolati | Reached skill level 1 in Air Magic
 50441 | Desolati | Reached skill level 1 in Hexes
 50827 | Elf:1    | Identified the +7 falchion "Ogre's Funeral" {vamp, Str-4
                  | Int+2 Dex+7}
 50939 | Elf:1    | Found Piataugg's Magic Scroll Boutique.
 50951 | Elf:1    | Bought a scroll of teleportation for 51 gold pieces
 50951 | Elf:1    | Bought a scroll of teleportation for 51 gold pieces
 51441 | Elf:1    | Learned a level 3 spell: Gell's Gravitas
 51444 | Elf:1    | Learned a level 2 spell: Lesser Beckoning
 51448 | Elf:1    | Learned a level 3 spell: Teleport Other
 51562 | Elf:2    | Found a shimmering blue altar of Sif Muna.
 51837 | Elf:2    | Found a runed translucent gate.
 51837 | Elf:2    | Found a runed translucent gate.
 51839 | Elf:2    | Found a runed translucent gate.
 52188 | Elf:2    | Reached skill level 15 in Dodging
 52242 | Elf:2    | Noticed Asterion
 52258 | Elf:2    | Killed Asterion
 52259 | Elf:2    | Reached skill level 5 in Air Magic
 52261 | Elf:2    | Reached skill level 5 in Hexes
 52516 | Elf:3    | Entered Level 3 of the Elven Halls
 52975 | Elf:3    | Paralysed by an air elemental for 1 turns
 53040 | Elf:3    | Identified the +0 kite shield "Xiotucva" {Fly}
 53040 | Elf:3    | Noticed Donald
 53052 | Elf:3    | Killed Donald
 53206 | Elf:3    | Identified the ring of the Jester {rF+ EV+5 Str+2 Dex+2
                  | Slay+2}
 53296 | Elf:3    | Found the +8 Vampire's Tooth {megavamp}
 53321 | Elf:3    | Identified the +0 chain mail "Guraeser" {rPois Str+2
                  | Stlth+}
 53401 | Elf:3    | Identified the +6 halberd of the Lusting Visionary
                  | {protect, Int+4}
 53423 | Elf:3    | Identified the ring "Mockib" {*Corrode rF+ Str+6 SInv}
 53429 | Elf:3    | Found the +5 Storm Queen's Shield {shock, Fly rElec}
 53455 | Elf:3    | Got Vucix's Atlas of the Entranced Syncline
 53457 | Elf:3    | Identified the staff "Ciemn" {*Corrode rPois rF+ Str+3
                  | Poison}
 53896 | Elf:3    | Identified the amulet of Qayllah {RegenMP rElec Int+3
                  | Stlth+}
 54192 | Shoals:1 | Killed Taczaky's ghost
 54229 | Shoals:1 | Identified the ring "Xotzouhe" {Ice *Corrode Int+4}
 54238 | Shoals:1 | Got the Vademecum on the Switch and Conjuring
 54241 | Shoals:1 | Identified the +1 battleaxe of Causality {elec, Fly}
 54422 | D:13     | Bought a potion of ambrosia for 112 gold pieces
 54422 | D:13     | Bought a potion of resistance for 140 gold pieces
 54422 | D:13     | Bought a potion of resistance for 140 gold pieces
 54422 | D:13     | Bought a potion of curing for 42 gold pieces
 54422 | D:13     | Bought a potion of curing for 42 gold pieces
 54422 | D:13     | Bought a potion of curing for 42 gold pieces
 54646 | Orc:2    | Bought a potion of might for 56 gold pieces
 54646 | Orc:2    | Bought a scroll of revelation for 105 gold pieces
 54868 | Slime:1  | Entered Level 1 of the Pits of Slime
 54874 | Slime:1  | Reached XP level 26. HP: 201/201 MP: 32/32
 55199 | Slime:3  | Gained mutation: You do not regenerate when monsters are
                  | visible. [a shining eye]
 55806 | Slime:5  | Entered Level 5 of the Pits of Slime
 56044 | Slime:5  | Noticed the Royal Jelly
 57177 | Slime:5  | Found a viscous altar of Jiyva.
 57182 | Slime:5  | Found the +13 scythe of Curses {drain, curses, Drain}
 57350 | Slime:5  | Killed the Royal Jelly
 57624 | Slime:5  | Identified the +0 robe of Jem Juibao {Will+ Str+3 Int-2
                  | Dex+3}
 57633 | Slime:5  | Got the Atlas of Degeneration and Interference
 57662 | Slime:5  | Identified the +8 hand axe of Hepliaklqana's Pride {flame,
                  | rPois rN+}
 57671 | Slime:5  | Got a slimy rune of Zot
 57708 | Slime:5  | Identified the ring of Xom's Whimsicality {Fly rElec rF-
                  | Dex+3}
 58154 | Zot:1    | Entered Level 1 of the Realm of Zot
 58970 | Zot:2    | Reached skill level 1 in Throwing
 59093 | Zot:2    | Identified the +5 spear of Brutal Revenge {venom, rCorr
                  | Int+2}
 59167 | Zot:2    | Found a stormy altar of Qazlal.
 59732 | Zot:2    | Got the Volume of the Zealot
 59849 | Zot:2    | Got the Compilation of Fire and Brimstone
 60160 | Zot:3    | Noticed a Killer Klown
 60168 | Zot:3    | Killed a Killer Klown
 60169 | Zot:3    | Reached XP level 27. HP: 207/207 MP: 32/32
 60349 | Zot:3    | Reached skill level 5 in Throwing
 60510 | Zot:4    | Identified the +1 plate armour of the Endless Expanse
                  | {SInv}
 61152 | Zot:4    | Noticed a dread lich
 61155 | Zot:4    | Killed a dread lich
 61189 | Zot:4    | Noticed a dread lich
 61195 | Zot:4    | Killed a dread lich
 61221 | Zot:4    | Found the +18 shield of the Gong {Loud rN+ Will+ rCorr
                  | EV-5}
 61227 | Zot:4    | Identified the +5 orcbow of In Flagrante Delicto {flame,
                  | rC+ rCorr}
 61267 | Zot:4    | Noticed a dread lich
 61278 | Zot:4    | Killed a dread lich
 61562 | Zot:5    | Entered Level 5 of the Realm of Zot
 61935 | Zot:5    | Acquired 901 gold pieces
 61982 | Zot:5    | Noticed an ancient lich
 61987 | Zot:5    | Reached skill level 10 in Throwing
 61994 | Zot:5    | Killed an ancient lich
 62076 | Zot:5    | Noticed an ancient lich
 62078 | Zot:5    | Noticed an orb of fire
 62080 | Zot:5    | Killed an ancient lich
 62085 | Zot:5    | Noticed an ancient lich
 62087 | Zot:5    | Killed an orb of fire
 62090 | Zot:5    | Killed an ancient lich
 62153 | Zot:5    | Noticed an ancient lich
 62157 | Zot:5    | Killed an ancient lich
 62249 | Zot:5    | Noticed an ancient lich
 62251 | Zot:5    | Noticed a dread lich
 62253 | Zot:5    | Noticed an orb of fire
 62258 | Zot:5    | Killed an ancient lich
 62259 | Zot:5    | Gained mutation: Your magical capacity is low. (-10% MP)
                  | [an orb of fire]
 62259 | Zot:5    | Killed a dread lich
 62264 | Zot:5    | Killed an orb of fire
 62271 | Zot:5    | Noticed a dread lich
 62283 | Zot:5    | Killed a dread lich
 62398 | Zot:5    | Noticed a dread lich
 62406 | Zot:5    | Killed a dread lich
 62581 | Zot:5    | Lost mutation: You do not regenerate when monsters are
                  | visible. [potion of mutation]
 62581 | Zot:5    | Lost mutation: Your magical capacity is low. (-10% MP)
                  | [potion of mutation]
 62581 | Zot:5    | Gained mutation: Your natural rate of healing is unusually
                  | fast. [potion of mutation]
 62581 | Zot:5    | Gained mutation: You have a pair of small horns on your
                  | head. [potion of mutation]
 62939 | Vaults:2 | Lost mutation: Your natural rate of healing is unusually
                  | fast. [potion of mutation]
 62939 | Vaults:2 | Lost mutation: You have a pair of small horns on your head.
                  | [potion of mutation]
 62939 | Vaults:2 | Gained mutation: Your body sometimes deteriorates upon
                  | taking damage. [potion of mutation]
 62939 | Vaults:2 | Gained mutation: You are partially covered in iridescent
                  | scales. (AC +2) [potion of mutation]
 63158 | Vaults:5 | Entered Level 5 of the Vaults
 63228 | Vaults:5 | Noticed a dread lich
 63238 | Vaults:5 | Noticed a dread lich
 63270 | Vaults:5 | Killed a dread lich
 63272 | Vaults:5 | Killed a dread lich
 63591 | Vaults:5 | Got a silver rune of Zot
 63821 | Vaults:5 | Found Nipsunew's Jewellery Shoppe.
 63821 | Vaults:5 | Found Yguxzoc's Jewellery Shoppe.
 63829 | Vaults:5 | Bought the ring of the Nightingale {rN++ MP+9 Str-2 Int+2
                  | SInv} for 458 gold pieces
 63876 | Vaults:5 | Noticed an ancient lich
 63879 | Vaults:5 | Killed an ancient lich
 63890 | Vaults:5 | Found Vestorr's Antique Weapon Boutique.
 63898 | Vaults:5 | Found Zalamm's Antique Weapon Shoppe.
 64060 | Vaults:5 | Noticed a dread lich
 64063 | Vaults:5 | Killed a dread lich
 64082 | Vaults:5 | Noticed a dread lich
 64087 | Vaults:5 | Killed a dread lich
 64106 | Vaults:5 | Found Beanam's Magic Scroll Boutique.
 64118 | Vaults:5 | Found Omal's Magic Scroll Boutique.
 64123 | Vaults:5 | Bought a scroll of enchant armour for 82 gold pieces
 64123 | Vaults:5 | Bought a scroll of teleportation for 33 gold pieces
 64137 | Vaults:5 | Found Pama's Distillery.
 64141 | Vaults:5 | Bought a potion of ambrosia for 160 gold pieces
 64141 | Vaults:5 | Bought a potion of ambrosia for 160 gold pieces
 64141 | Vaults:5 | Bought a potion of heal wounds for 100 gold pieces
 64157 | Vaults:5 | Identified the +0 robe "Tafroh" {Will+ SInv}
 64260 | Vaults:5 | Found Hoesa's General Store.
 64268 | Vaults:5 | Bought a potion of curing for 54 gold pieces
 64268 | Vaults:5 | Bought a scroll of teleportation for 54 gold pieces
 64268 | Vaults:5 | Bought a scroll of teleportation for 54 gold pieces
 65281 | D:10     | Bought 3 scrolls of enchant weapon for 247 gold pieces
 65281 | D:10     | Bought a scroll of fog for 44 gold pieces
 65281 | D:10     | Bought a scroll of teleportation for 33 gold pieces
 65494 | Pan      | Entered Pandemonium
 65688 | Pan      | Reached skill level 10 in Long Blades
 65852 | Pan      | Found a glowing silver altar of Zin.
 66030 | Pan      | Found a white marble altar of Elyvilon.
 66232 | Pan      | Identified the +3 tower shield of Sin {Rampage}
 67431 | Pan      | Identified the +0 buckler "Uhuez" {rCorr}
 67462 | Pan      | Noticed a seraph
 67720 | Pan      | Reached skill level 15 in Throwing
 67825 | Pan      | Identified the +11 shortbow of the Final Decision {speed,
                  | Stlth+}
 67834 | Pan      | Identified the +7 arbalest "Hapeo" {elec, rC+ Will- Str+3
                  | SInv}
 67834 | Pan      | Identified the +3 robe "Doshruiv" {rElec Int+3}
 67906 | Pan      | Killed a seraph
 68012 | Pan      | Found a glowing golden altar of the Shining One.
 68060 | Pan      | Got a demonic rune of Zot
 68071 | Pan      | Identified the +5 scimitar of Amuedghao {flame, rF- rN+
                  | Int+2}
 68301 | Depths:1 | Escaped Pandemonium
 68410 | Depths:1 | Paralysed by an air elemental for 1 turns
 68625 | Depths:3 | Killed Miownoin's ghost
 68649 | Depths:3 | Identified the +1 hat "Dyole" {Will+}
 68655 | Depths:3 | Identified the +1 rapier of Terra Cotta {flame, Fly rPois}
 68656 | Depths:3 | Identified the +1 broad axe of Ugoqogec {flame, rC+ Int+5}
 69475 | Vaults:5 | Bought a scroll of enchant weapon for 165 gold pieces
 69814 | Pan      | Entered the realm of Lom Lobon.
 69814 | Pan      | Entered Pandemonium
 69907 | Pan      | Identified the +9 falchion "Bingo" {pain, *Corrode rC++
                  | Will+}
 70083 | Pan      | Noticed Lom Lobon
 70117 | Pan      | Killed Lom Lobon
 70118 | Pan      | Reached skill level 15 in Invocations
 70139 | Pan      | Got a magical rune of Zot
 70293 | Pan      | Noticed Kymuovan the pandemonium lord
 70302 | Pan      | Killed Kymuovan the pandemonium lord
 70332 | Pan      | Entered the realm of Mnoleg.
 70363 | Pan      | Found an exit through the horrors of the Abyss.
 70437 | Pan      | Gained mutation: Your magical capacity is low. (-10% MP) [a
                  | neqoxec]
 70441 | Pan      | Gained mutation: You are frail. (-10% HP) [a neqoxec]
 70473 | Pan      | Noticed Mnoleg
 70475 | Pan      | Gained mutation: You are weak. (Str -2) [a cacodemon]
 70504 | Pan      | Killed Mnoleg
 70581 | Pan      | Paralysed by a floating eye for 3 turns
 70593 | Pan      | Gained mutation: You are mostly covered in iridescent
                  | scales. (AC +4) [a neqoxec]
 70617 | Pan      | Got a glowing rune of Zot
 70784 | Pan      | Noticed Ignacio
 71076 | Pan      | Gained mutation: You are clumsy. (Dex -2) [a neqoxec]
 71080 | Pan      | Gained mutation: You are very clumsy. (Dex -4) [a neqoxec]
 71090 | Pan      | Gained mutation: Your spells are a little easier to cast,
                  | but a little less powerful. [a cacodemon]
 71103 | Pan      | Noticed Uceeman the pandemonium lord
 71111 | Pan      | Killed Uceeman the pandemonium lord
 71155 | Pan      | Killed Ignacio
 71366 | Pan      | Noticed Itrac the pandemonium lord
 71372 | Pan      | Killed Itrac the pandemonium lord
 71637 | Pan      | Reached skill level 15 in Evocations
 71767 | Pan      | Noticed Huxt the pandemonium lord
 71769 | Pan      | Gained mutation: Your magical capacity is very low. (-20%
                  | MP) [a neqoxec]
 71778 | Pan      | Killed Huxt the pandemonium lord
 71906 | Pan      | Gained mutation: You are vulnerable to cold. (rC-) [a
                  | cacodemon]
 72202 | Pan      | Identified the +9 war axe "Frog's Curse" {venom, rPois
                  | Int-3 Dex+4 SInv Stlth+}
 72256 | Pan      | Acquired a manual of Transmutations
 72311 | Pan      | Entered the realm of Cerebov.
 72697 | Pan      | Identified the -2 pair of boots of Supple Strength {Regen+
                  | Int+3}
 72698 | Pan      | Identified the amulet of Dagub {Spirit *Slow rF+ Str+5}
 72939 | Pan      | Identified the +1 shortbow of Ruination {drain, rC- Str+4
                  | Int+3}
 72964 | Pan      | Identified the scarf "Osimnij" {repulsion, rCorr}
 73257 | Pan      | Found the +6 sword of Cerebov {flame}
 73257 | Pan      | Noticed Cerebov
 73467 | Pan      | Killed Cerebov
 73642 | Pan      | Got a fiery rune of Zot
 74124 | Pan      | Noticed Xeps the pandemonium lord
 74130 | Pan      | Killed Xeps the pandemonium lord
 75202 | Pan      | Found an exit through the horrors of the Abyss.
 75210 | Pan      | Noticed Xihehaurgh the pandemonium lord
 75224 | Pan      | Killed Xihehaurgh the pandemonium lord
 75331 | Pan      | Got Wicon's Omnibus of Roasted Envenoming
 75361 | Depths:1 | Escaped Pandemonium
 75573 | D:10     | Lost mutation: Your body sometimes deteriorates upon taking
                  | damage. [potion of mutation]
 75573 | D:10     | Lost mutation: You are vulnerable to cold. (rC-) [potion of
                  | mutation]
 75573 | D:10     | Lost mutation: You are mostly covered in iridescent scales.
                  | (AC +4) [potion of mutation]
 75573 | D:10     | Gained mutation: You are very frail. (-20% HP) [potion of
                  | mutation]
 75573 | D:10     | Gained mutation: Your movements are slightly less
                  | encumbered by armour. (ER -2) [potion of mutation]
 75574 | D:10     | Lost mutation: You are partially covered in iridescent
                  | scales. (AC +2) [potion of mutation]
 75574 | D:10     | Lost mutation: Your spells are a little easier to cast, but
                  | a little less powerful. [potion of mutation]
 75574 | D:10     | Gained mutation: You are somewhat resistant to further
                  | mutation. [potion of mutation]
 75846 | Depths:3 | Voluntarily entered the Abyss.
 75846 | Abyss:1  | Found a corrupted altar of Lugonu.
 75846 | Abyss:1  | Found a corrupted altar of Lugonu.
 75868 | Abyss:1  | Found a corrupted altar of Lugonu.
 76073 | Abyss:3  | Found a corrupted altar of Lugonu.
 76422 | Abyss:3  | Noticed a dread lich
 76433 | Abyss:3  | Killed a dread lich
 76736 | Abyss:3  | Got an abyssal rune of Zot
 76759 | Abyss:3  | Noticed an ancient lich
 76771 | Abyss:3  | Killed an ancient lich
 76772 | Abyss:3  | Reached skill level 27 in Fighting
 76999 | Abyss:3  | Found a corrupted altar of Lugonu.
 77179 | Depths:3 | Escaped the Abyss
 77349 | Pan      | Entered the realm of Gloorx Vloq.
 77349 | Pan      | Entered Pandemonium
 77457 | Pan      | Found an exit through the horrors of the Abyss.
 78001 | Pan      | Noticed Gloorx Vloq
 78204 | Pan      | Killed Gloorx Vloq
 78334 | Pan      | Identified the +1 ring mail of the Merwolf {rPois rN+}
 78347 | Pan      | Got a dark rune of Zot
 78460 | Pan      | Reached skill level 27 in Armour
 78906 | Pan      | Noticed Risuaxy the pandemonium lord
 78919 | Pan      | Killed Risuaxy the pandemonium lord
 79392 | Pan      | Identified the +2 whip "Esificay" {vamp, rN+}
 79394 | Pan      | Identified the +4 scimitar of the Equinox {pain, rElec
                  | Str+3 SInv Stlth+}
 79848 | Pan      | Noticed Kone the pandemonium lord
 79867 | Pan      | Killed Kone the pandemonium lord
 80152 | Pan      | Noticed Lomaemoi the pandemonium lord
 80163 | Pan      | Killed Lomaemoi the pandemonium lord
 80284 | Pan      | Noticed Bidwekuo the pandemonium lord
 80341 | Pan      | Killed Bidwekuo the pandemonium lord
 80800 | Pan      | Identified the +6 scale mail of Thoughtfulness {Rampage
                  | Will+ Slay+3}
 81355 | Pan      | Noticed Covesen the pandemonium lord
 81364 | Pan      | Killed Covesen the pandemonium lord
 81695 | Pan      | Found an exit through the horrors of the Abyss.
 81699 | Pan      | Took an exit into the Abyss.
 81699 | Abyss:3  | Escaped into the Abyss
 81699 | Abyss:3  | Found a corrupted altar of Lugonu.
 82006 | Abyss:3  | Found a corrupted altar of Lugonu.
 82012 | Depths:3 | Escaped the Abyss
 82283 | Spider:1 | Killed bobo's ghost
 82694 | Hell     | Entered the Vestibule of Hell
 82694 | Hell     | Noticed Geryon
 83001 | Depths:1 | Upgraded the game from 0.31-a0-354-g827e0957a7 to
                  | 0.31-a0-355-g57cb03d3e8
 83011 | Depths:1 | HP: 8/174 [iron golem (28)]
 83412 | D:10     | Bought a book of Misfortune for 468 gold pieces
 83412 | D:10     | Bought a book of Air for 286 gold pieces
 83417 | D:10     | Learned a level 3 spell: Swiftness
 83423 | D:10     | Learned a level 5 spell: Yara's Violent Unravelling
 83730 | Hell     | Killed Geryon
 83805 | Hell     | Found a gateway to the ashen valley of Gehenna.
 83858 | Hell     | Found a gateway to the decaying netherworld of Tartarus.
 83910 | Hell     | Found a gateway to the freezing wastes of Cocytus.
 84048 | Hell     | Found a gateway to the Iron City of Dis.
 84094 | Hell     | Lost mutation: Your magical capacity is very low. (-20% MP)
                  | [potion of mutation]
 84094 | Hell     | Lost mutation: Your magical capacity is low. (-10% MP)
                  | [potion of mutation]
 84094 | Hell     | Lost mutation: You are very frail. (-20% HP) [potion of
                  | mutation]
 84095 | Hell     | Lost mutation: You are very clumsy. (Dex -4) [potion of
                  | mutation]
 84095 | Hell     | Lost mutation: You are somewhat resistant to further
                  | mutation. [potion of mutation]
 84095 | Hell     | Lost mutation: You are clumsy. (Dex -2) [potion of
                  | mutation]
 84095 | Hell     | Gained mutation: Your spells are a little harder to cast,
                  | but a little more powerful. [potion of mutation]
 84096 | Hell     | Lost mutation: You are frail. (-10% HP) [potion of
                  | mutation]
 84096 | Hell     | Lost mutation: Your movements are slightly less encumbered
                  | by armour. (ER -2) [potion of mutation]
 84096 | Hell     | Gained mutation: You are very weak. (Str -4) [potion of
                  | mutation]
 84096 | Hell     | Gained mutation: You expend magic power (3 MP) to
                  | strengthen your wands. [potion of mutation]
 84096 | Hell     | Lost mutation: You expend magic power (3 MP) to strengthen
                  | your wands. [potion of mutation]
 84096 | Hell     | Gained mutation: You have a pair of small antennae on your
                  | head. [potion of mutation]
 84097 | Hell     | Lost mutation: You are very weak. (Str -4) [potion of
                  | mutation]
 84097 | Hell     | Lost mutation: Your spells are a little harder to cast, but
                  | a little more powerful. [potion of mutation]
 84097 | Hell     | Gained mutation: You are dopey. (Int -2) [potion of
                  | mutation]
 84097 | Hell     | Gained mutation: You have sharp toenails. [potion of
                  | mutation]
 84099 | Hell     | Lost mutation: You are weak. (Str -2) [potion of mutation]
 84099 | Hell     | Lost mutation: You have sharp toenails. [potion of
                  | mutation]
 84099 | Hell     | Lost mutation: You are dopey. (Int -2) [potion of mutation]
 84099 | Hell     | Gained mutation: You are weak. (Str -2) [potion of
                  | mutation]
 84099 | Hell     | Lost mutation: You are weak. (Str -2) [potion of mutation]
 84100 | Hell     | Lost mutation: You have a pair of small antennae on your
                  | head. [potion of mutation]
 84100 | Hell     | Gained mutation: You are weak. (Str -2) [potion of
                  | mutation]
 84100 | Hell     | Gained mutation: You are clumsy. (Dex -2) [potion of
                  | mutation]
 84439 | Crypt:1  | Entered Level 1 of the Crypt
 84800 | Crypt:1  | Reached skill level 15 in Transmutations
 85142 | Crypt:2  | Noticed Mennas
 85160 | Crypt:2  | Killed Mennas
 85860 | Crypt:3  | Entered Level 3 of the Crypt
 85974 | Crypt:3  | Reached skill level 10 in Hexes
 86324 | Crypt:3  | Identified the +1 leather armour "Keacuufa" {rPois rN+}
 86434 | Crypt:3  | Identified the staff of Compulsion {Str+3 Conj}
 86435 | Crypt:3  | Identified the +0 helmet of Unreason {rPois SInv}
 86458 | Crypt:3  | Found a staircase to the Tomb.
 86870 | Crypt:3  | Found an ancient bone altar of Kikubaaqudgha.
 86872 | Crypt:3  | Noticed an ancient lich
 86879 | Crypt:3  | Killed an ancient lich
 86879 | Crypt:3  | Noticed an ancient lich
 86884 | Crypt:3  | Killed an ancient lich
 86943 | Crypt:3  | Noticed an ancient lich
 86954 | Crypt:3  | Killed an ancient lich
 87637 | Dis:1    | Entered Level 1 of the Iron City of Dis
 87638 | Dis:1    | Noticed a dread lich
 87651 | Dis:1    | Killed a dread lich
 87853 | Dis:1    | You are sucked into a shaft and drop 1 floor!
 88642 | Dis:4    | Reached skill level 10 in Air Magic
 88982 | Dis:7    | Entered Level 7 of the Iron City of Dis
 89107 | Dis:7    | Noticed a juggernaut
 89120 | Dis:7    | Noticed a juggernaut
 89125 | Dis:7    | Killed a juggernaut
 89136 | Dis:7    | Killed a juggernaut
 90051 | Dis:7    | Noticed Dispater
 90180 | Dis:7    | Reached skill level 27 in Dodging
 90320 | Dis:7    | Killed Dispater
 90357 | Dis:7    | Got an iron rune of Zot
 90426 | Dis:7    | Identified the +4 ring mail "Xenkaph" {rElec rPois Int+4
                  | Dex-4}
 90472 | Dis:7    | Noticed a juggernaut
 90479 | Dis:7    | Killed a juggernaut
 90703 | Dis:7    | Identified the +2 chain mail of Dice, Bag, and Bottle {rN+
                  | Will+ Str+4}
 90771 | Dis:7    | Reached skill level 10 in Spellcasting
 91183 | Tar:1    | Entered Level 1 of Tartarus
 93128 | Tar:7    | Entered Level 7 of Tartarus
 94069 | Tar:7    | Got the Textbook on Peregrination
 94480 | Tar:7    | Identified the +4 falchion "Death Rattle" {venom, rElec}
 94484 | Tar:7    | Identified the ring of Xowaemorph {Wiz Str+4 Dex+4}
 95846 | Tar:7    | Noticed Ereshkigal
 96093 | Tar:7    | Killed Ereshkigal
 96269 | Tar:7    | Identified the ring of Iliblu {rElec rF- EV+5 Int+6 Stlth+}
 96271 | Tar:7    | Identified the +2 short sword "Voeciqiz" {speed, Dex+3}
 96275 | Tar:7    | Got a bone rune of Zot
 96278 | Tar:7    | Identified the +5 ring mail of the Beekeeper {rElec Will+
                  | MP+9}
 96854 | Shoals:4 | Found the +1 cloak of Starlight {*Dazzle EV+4 Stlth--}
 97483 | Geh:1    | Entered Level 1 of Gehenna
 97565 | Geh:1    | Noticed an ancient lich
 97579 | Geh:1    | Killed an ancient lich
 97580 | Geh:1    | Reached skill level 15 in Long Blades
 99118 | Geh:7    | Entered Level 7 of Gehenna
 99612 | Geh:7    | Identified the +5 ring mail of Tempters {rElec rC- Str+4
                  | Dex+3}
100277 | Geh:7    | Found the +13 sceptre of Asmodeus
100277 | Geh:7    | Noticed Asmodeus
100312 | Geh:7    | Killed Asmodeus
100412 | Geh:7    | Got an obsidian rune of Zot
101070 | Coc:1    | Entered Level 1 of Cocytus
103376 | Depths:3 | Voluntarily entered the Abyss.
104083 | Depths:3 | Escaped the Abyss
104737 | Coc:7    | Entered Level 7 of Cocytus
104834 | Coc:7    | Noticed the Serpent of Hell
104850 | Coc:7    | Killed the Serpent of Hell
105294 | Coc:7    | Paralysed by a wendigo for 1 turns
106207 | Coc:7    | Paralysed by a wendigo for 1 turns
106260 | Coc:7    | Paralysed by a wendigo for 1 turns
106303 | Coc:7    | Paralysed by a wendigo for 1 turns
106786 | Coc:7    | Paralysed by a wendigo for 1 turns
107515 | Coc:7    | Got an icy rune of Zot
107530 | Coc:7    | Got Zaenad's Collected Works on the Autopsy
107544 | Coc:7    | Noticed Antaeus
107602 | Coc:7    | Identified the +0 helmet of Boredom {rC+ Dex+3}
107808 | Zig:1    | Entered Level 1 of a ziggurat
107808 | Zig:1    | Noticed Koemaed the pandemonium lord
107819 | Zig:1    | Killed Koemaed the pandemonium lord
107828 | Zig:2    | Entered Level 2 of a ziggurat
107847 | Zig:2    | Identified the +1 ring mail of the Northern Lights {Harm
                  | rElec rPois MP+9}
107849 | Zig:3    | Entered Level 3 of a ziggurat
107974 | Zig:3    | Learned a level 4 spell: Manifold Assault
107981 | Zig:3    | Learned a level 6 spell: Dispersal
107982 | Zig:4    | Entered Level 4 of a ziggurat
108004 | Zig:4    | Identified the +1 scale mail of Caqixilu {rC+ Int+4}
108017 | Zig:5    | Entered Level 5 of a ziggurat
108074 | Zig:5    | Identified the +1 rapier of the Fool {flame, rN++}
108094 | Zig:6    | Entered Level 6 of a ziggurat
108100 | Zig:6    | Found the +11 Singing Sword {sonic wave}
108152 | Zig:7    | Entered Level 7 of a ziggurat
108208 | Zig:8    | Entered Level 8 of a ziggurat
108222 | Zig:8    | Noticed Jiuv the pandemonium lord
108239 | Zig:8    | Killed Jiuv the pandemonium lord
108252 | Zig:8    | Reached skill level 15 in Translocations
108418 | Zig:8    | Identified the +2 leather armour of the Aged Eyes {rN+}
108420 | Zig:8    | Identified the +4 mace of Urgency {heavy, +Blink}
108442 | Zig:9    | Entered Level 9 of a ziggurat
108575 | Zig:9    | Identified the ring "Akhin" {rF+ MP+9}
108586 | Zig:9    | Identified the staff of Midsummer {rC+ rN+ Necro}
108593 | Zig:10   | Entered Level 10 of a ziggurat
108732 | Zig:10   | Identified the +2 short sword of a ziggurat {speed, rElec
                  | Will- Int+3}
108733 | Zig:10   | Identified the +6 great mace of Innocence {vamp, rElec
                  | rPois Int+5 Dex-3}
108740 | Zig:10   | Got the Papyrus of Polar Transposition
108746 | Zig:11   | Entered Level 11 of a ziggurat
108754 | Zig:11   | Noticed Sahyrph the pandemonium lord
108758 | Zig:11   | Noticed Qaschahis the pandemonium lord
108760 | Zig:11   | Noticed Oraxt the pandemonium lord
108774 | Zig:11   | Killed Oraxt the pandemonium lord
108776 | Zig:11   | Killed Sahyrph the pandemonium lord
108791 | Zig:11   | Killed Qaschahis the pandemonium lord
108862 | Zig:11   | Identified the +5 spear "Ocvu Sah" {freeze, *Rage rC+ rN+
                  | Dex+3}
108887 | Zig:12   | Entered Level 12 of a ziggurat
109060 | Zig:12   | Found the brooch of Shielding {Spirit SH+8}
109104 | Zig:13   | Entered Level 13 of a ziggurat
109113 | Zig:13   | Noticed Epavusyi the pandemonium lord
109113 | Zig:13   | Noticed Efyzahut the pandemonium lord
109113 | Zig:13   | Noticed Coaheela the pandemonium lord
109136 | Zig:13   | Killed Coaheela the pandemonium lord
109137 | Zig:13   | Reached skill level 1 in Shapeshifting
109138 | Zig:13   | Noticed Poomeh the pandemonium lord
109149 | Zig:13   | Noticed Afyhes Waump the pandemonium lord
109164 | Zig:13   | Killed Afyhes Waump the pandemonium lord
109165 | Zig:13   | Killed Epavusyi the pandemonium lord
109167 | Zig:13   | Killed Efyzahut the pandemonium lord
109177 | Zig:13   | Killed Poomeh the pandemonium lord
109180 | Zig:13   | Reached skill level 15 in Spellcasting
109304 | Zig:13   | Identified the staff of a Billion Bones {rElec Will- Str+4
                  | Air}
109323 | Zig:14   | Entered Level 14 of a ziggurat
109339 | Zig:14   | Noticed Fimm the pandemonium lord
109347 | Zig:14   | Reached skill level 5 in Shapeshifting
109354 | Zig:14   | Killed Fimm the pandemonium lord
109355 | Zig:14   | Gained mutation: You occasionally lose the ability to read
                  | scrolls when taking damage. [a cacodemon]
109359 | Zig:14   | Gained mutation: Your magical capacity is low. (-10% MP) [a
                  | cacodemon]
109505 | Zig:14   | Lost mutation: You occasionally lose the ability to read
                  | scrolls when taking damage. [potion of mutation]
109505 | Zig:14   | Lost mutation: Your magical capacity is low. (-10% MP)
                  | [potion of mutation]
109505 | Zig:14   | Lost mutation: You are clumsy. (Dex -2) [potion of
                  | mutation]
109505 | Zig:14   | Gained mutation: You have hidden genetic defects. [potion
                  | of mutation]
109505 | Zig:14   | Gained mutation: Your flesh is cold resistant. (rC+)
                  | [potion of mutation]
109505 | Zig:14   | Gained mutation: You are partially covered in iridescent
                  | scales. (AC +2) [potion of mutation]
109506 | Zig:14   | Lost mutation: Your flesh is cold resistant. (rC+) [potion
                  | of mutation]
109506 | Zig:14   | Lost mutation: You are partially covered in iridescent
                  | scales. (AC +2) [potion of mutation]
109506 | Zig:14   | Lost mutation: You are weak. (Str -2) [potion of mutation]
109506 | Zig:14   | Gained mutation: You are frail. (-10% HP) [potion of
                  | mutation]
109506 | Zig:14   | Gained mutation: You expend magic power (3 MP) to
                  | strengthen your wands. [potion of mutation]
109506 | Zig:14   | Gained mutation: You are strong-willed. (Will+) [potion of
                  | mutation]
109507 | Zig:14   | Lost mutation: You are strong-willed. (Will+) [potion of
                  | mutation]
109507 | Zig:14   | Lost mutation: You expend magic power (3 MP) to strengthen
                  | your wands. [potion of mutation]
109507 | Zig:14   | Gained mutation: You occasionally shout uncontrollably at
                  | your foes. [potion of mutation]
109507 | Zig:14   | Gained mutation: You have large cloven feet. [potion of
                  | mutation]
109507 | Zig:14   | Gained mutation: Your mind is acute. (Int +4, Str/Dex -1)
                  | [potion of mutation]
109508 | Zig:14   | Lost mutation: You are frail. (-10% HP) [potion of
                  | mutation]
109508 | Zig:14   | Lost mutation: Your mind is acute. (Int +4, Str/Dex -1)
                  | [potion of mutation]
109508 | Zig:14   | Lost mutation: You occasionally shout uncontrollably at
                  | your foes. [potion of mutation]
109508 | Zig:14   | Gained mutation: You are partially covered in iridescent
                  | scales. (AC +2) [potion of mutation]
109508 | Zig:14   | Gained mutation: You possess an exceptional clarity of
                  | mind. [potion of mutation]
109509 | Zig:14   | Lost mutation: You are partially covered in iridescent
                  | scales. (AC +2) [potion of mutation]
109509 | Zig:14   | Lost mutation: You possess an exceptional clarity of mind.
                  | [potion of mutation]
109510 | Zig:14   | Lost mutation: You have large cloven feet. [potion of
                  | mutation]
109510 | Zig:14   | Lost mutation: You have hidden genetic defects. [potion of
                  | mutation]
109510 | Zig:14   | Gained mutation: You occasionally lose the ability to drink
                  | potions when taking damage. [potion of mutation]
109510 | Zig:14   | Gained mutation: You are agile. (Dex +4, Str/Int -1)
                  | [potion of mutation]
109510 | Zig:14   | Gained mutation: You have hidden genetic defects. [potion
                  | of mutation]
109511 | Zig:14   | Lost mutation: You have hidden genetic defects. [potion of
                  | mutation]
109511 | Zig:14   | Lost mutation: You occasionally lose the ability to drink
                  | potions when taking damage. [potion of mutation]
109511 | Zig:14   | Gained mutation: Your magical capacity is low. (-10% MP)
                  | [potion of mutation]
109511 | Zig:14   | Gained mutation: You have sharp toenails. [potion of
                  | mutation]
109566 | Zig:14   | Identified the +5 war axe of Nires {freeze, Fragile rElec
                  | Will+++ rCorr}
109567 | Zig:14   | Identified the ring "Ygaifada" {*Corrode rC+++ rN+++ Will+
                  | Int-4}
109579 | Zig:14   | Identified the +5 orcbow of Bodily Harmony {freeze, Fragile
                  | Int+4}
109585 | Zig:14   | Identified the staff "Mimamiff" {rF+ rC+ Ice}
109592 | Zig:14   | Got the Commentary on the Sky and the Tincture
109621 | Zig:15   | Entered Level 15 of a ziggurat
109641 | Zig:15   | Noticed Saezuush the pandemonium lord
109645 | Zig:15   | Gained mutation: You are frail. (-10% HP) [a cacodemon]
109647 | Zig:15   | Gained mutation: You have hidden genetic defects. [a
                  | cacodemon]
109663 | Zig:15   | Identified the +1 arbalest "Xuheehy" {flame, rN+ Dex+8}
110323 | Crypt:3  | Lost mutation: You have hidden genetic defects. [potion of
                  | mutation]
110323 | Crypt:3  | Lost mutation: Your magical capacity is low. (-10% MP)
                  | [potion of mutation]
110323 | Crypt:3  | Lost mutation: You have sharp toenails. [potion of
                  | mutation]
110323 | Crypt:3  | Gained mutation: Your system is resistant to poisons.
                  | (rPois) [potion of mutation]
110323 | Crypt:3  | Gained mutation: You are very frail. (-20% HP) [potion of
                  | mutation]
110323 | Crypt:3  | Gained mutation: You have hidden genetic potential. [potion
                  | of mutation]
110324 | Crypt:3  | Lost mutation: You are agile. (Dex +4, Str/Int -1) [potion
                  | of mutation]
110324 | Crypt:3  | Lost mutation: You have hidden genetic potential. [potion
                  | of mutation]
110324 | Crypt:3  | Gained mutation: Armour fits poorly on your strangely
                  | shaped body. [potion of mutation]
110325 | Crypt:3  | Lost mutation: Your system is resistant to poisons. (rPois)
                  | [potion of mutation]
110325 | Crypt:3  | Lost mutation: Armour fits poorly on your strangely shaped
                  | body. [potion of mutation]
110325 | Crypt:3  | Lost mutation: You are very frail. (-20% HP) [potion of
                  | mutation]
110325 | Crypt:3  | Gained mutation: You are covered in fur. (AC +1) [potion of
                  | mutation]
110325 | Crypt:3  | Gained mutation: You are vulnerable to heat. (rF-) [potion
                  | of mutation]
110325 | Crypt:3  | Gained mutation: You are partially covered in iridescent
                  | scales. (AC +2) [potion of mutation]
110325 | Crypt:3  | Gained mutation: Your muscles are strong. (Str +4, Int/Dex
                  | -1) [potion of mutation]
110326 | Crypt:3  | Lost mutation: You are frail. (-10% HP) [potion of
                  | mutation]
110326 | Crypt:3  | Lost mutation: You are covered in fur. (AC +1) [potion of
                  | mutation]
110326 | Crypt:3  | Lost mutation: Your muscles are strong. (Str +4, Int/Dex
                  | -1) [potion of mutation]
110326 | Crypt:3  | Gained mutation: You are covered in fur. (AC +1) [potion of
                  | mutation]
110326 | Crypt:3  | Gained mutation: You occasionally lose the ability to drink
                  | potions when taking damage. [potion of mutation]
110327 | Crypt:3  | Lost mutation: You occasionally lose the ability to drink
                  | potions when taking damage. [potion of mutation]
110327 | Crypt:3  | Lost mutation: You are partially covered in iridescent
                  | scales. (AC +2) [potion of mutation]
110327 | Crypt:3  | Lost mutation: You are covered in fur. (AC +1) [potion of
                  | mutation]
110327 | Crypt:3  | Gained mutation: You are partially covered in iridescent
                  | scales. (AC +2) [potion of mutation]
110327 | Crypt:3  | Gained mutation: Your magical capacity is low. (-10% MP)
                  | [potion of mutation]
110327 | Crypt:3  | Gained mutation: You occasionally lose the ability to drink
                  | potions when taking damage. [potion of mutation]
110365 | Tomb:1   | Entered Level 1 of the Tomb of the Ancients
110764 | Tomb:1   | Noticed a royal mummy
110765 | Tomb:1   | Noticed a royal mummy
110773 | Tomb:1   | Killed a royal mummy
110776 | Tomb:1   | Killed a royal mummy
111481 | Tomb:2   | Noticed a royal mummy
111481 | Tomb:2   | Noticed a royal mummy
111481 | Tomb:2   | Noticed a royal mummy
111481 | Tomb:2   | Noticed a royal mummy
111504 | Tomb:2   | Noticed Boris
111547 | Tomb:2   | Killed a royal mummy
111547 | Tomb:2   | Killed Boris
111548 | Tomb:2   | Reached skill level 10 in Shapeshifting
111555 | Tomb:2   | Killed a royal mummy
111587 | Tomb:2   | Killed a royal mummy
111595 | Tomb:2   | Killed a royal mummy
111836 | Tomb:2   | Got Sif Muna's Precepts of Unspeakable Rites and Poison
112047 | Tomb:1   | Noticed a royal mummy
112047 | Tomb:1   | Noticed a royal mummy
112047 | Tomb:1   | Noticed a royal mummy
112048 | Tomb:1   | Noticed a royal mummy
112050 | Tomb:1   | Noticed a royal mummy
112051 | Tomb:1   | Noticed a royal mummy
112053 | Tomb:1   | Noticed a royal mummy
112053 | Tomb:1   | Killed a royal mummy
112300 | Tomb:1   | Noticed a royal mummy
112306 | Tomb:1   | Killed a royal mummy
112311 | Tomb:1   | Killed a royal mummy
112574 | Tomb:1   | Noticed a royal mummy
112579 | Tomb:1   | Killed a royal mummy
112586 | Tomb:1   | Noticed a royal mummy
112586 | Tomb:1   | Noticed a royal mummy
112586 | Tomb:1   | Noticed a royal mummy
112586 | Tomb:1   | Noticed a royal mummy
112586 | Tomb:1   | Noticed a royal mummy
112586 | Tomb:1   | Noticed a royal mummy
112859 | Tomb:1   | Killed a royal mummy
112872 | Tomb:1   | Killed a royal mummy
112879 | Tomb:1   | Killed a royal mummy
113009 | Tomb:1   | Killed a royal mummy
113055 | Tomb:1   | Killed a royal mummy
113124 | Tomb:1   | Noticed a royal mummy
113147 | Tomb:1   | Killed a royal mummy
113152 | Tomb:1   | Killed a royal mummy
113244 | Tomb:1   | Noticed a royal mummy
113259 | Tomb:1   | Killed a royal mummy
113259 | Tomb:1   | Noticed a royal mummy
113271 | Tomb:1   | Killed a royal mummy
113567 | Tomb:1   | Killed a royal mummy
113576 | Tomb:1   | Noticed a royal mummy
113596 | Tomb:1   | Killed a royal mummy
113604 | Tomb:1   | Killed a royal mummy
113779 | Tomb:1   | Killed a royal mummy
113788 | Tomb:1   | Killed a royal mummy
113790 | Tomb:1   | Killed a royal mummy
113890 | Tomb:1   | Noticed a royal mummy
113900 | Tomb:1   | Noticed a royal mummy
113903 | Tomb:1   | Killed a royal mummy
113912 | Tomb:1   | Killed a royal mummy
114079 | Tomb:2   | Identified the +0 robe of Courage {rPois rC+ Stlth+}
114094 | Tomb:2   | Gained mutation: You sometimes lose your temper in combat.
                  | [mutagenic glow]
114103 | Tomb:2   | Reached skill level 15 in Shapeshifting
114110 | Tomb:2   | Gained mutation: You are clumsy. (Dex -2) [mutagenic glow]
114670 | Tomb:3   | Entered Level 3 of the Tomb of the Ancients
114680 | Tomb:3   | Found the +3 giant club "Skullcrusher" {speed, Str+7}
114748 | Tomb:3   | Noticed a royal mummy
114751 | Tomb:3   | Noticed a royal mummy
114927 | Tomb:3   | Noticed a royal mummy
114940 | Tomb:3   | Killed a royal mummy
114953 | Tomb:3   | Killed a royal mummy
114962 | Tomb:3   | Killed a royal mummy
114967 | Tomb:3   | Noticed a royal mummy
114972 | Tomb:3   | HP: 8/224 [poisoned by an ushabti (dark miasma)]
114977 | Tomb:2   | HP: 5/224 [poisoned by an ushabti (dark miasma)]
115181 | Tomb:2   | Lost mutation: You are clumsy. (Dex -2) [potion of
                  | mutation]
115181 | Tomb:2   | Lost mutation: You are partially covered in iridescent
                  | scales. (AC +2) [potion of mutation]
115181 | Tomb:2   | Lost mutation: Your magical capacity is low. (-10% MP)
                  | [potion of mutation]
115181 | Tomb:2   | Gained mutation: Armour fits poorly on your strangely
                  | shaped body. [potion of mutation]
115181 | Tomb:2   | Gained mutation: You are strong-willed. (Will+) [potion of
                  | mutation]
115181 | Tomb:2   | Gained mutation: You have a pair of small antennae on your
                  | head. [potion of mutation]
115182 | Tomb:2   | Lost mutation: Armour fits poorly on your strangely shaped
                  | body. [potion of mutation]
115182 | Tomb:2   | Lost mutation: You are vulnerable to heat. (rF-) [potion of
                  | mutation]
115182 | Tomb:2   | Lost mutation: You occasionally lose the ability to drink
                  | potions when taking damage. [potion of mutation]
115182 | Tomb:2   | Gained mutation: Your mind is acute. (Int +4, Str/Dex -1)
                  | [potion of mutation]
115182 | Tomb:2   | Gained mutation: You have sharp toenails. [potion of
                  | mutation]
115183 | Tomb:2   | Lost mutation: You have a pair of small antennae on your
                  | head. [potion of mutation]
115183 | Tomb:2   | Lost mutation: You have sharp toenails. [potion of
                  | mutation]
115183 | Tomb:2   | Lost mutation: Your mind is acute. (Int +4, Str/Dex -1)
                  | [potion of mutation]
115183 | Tomb:2   | Gained mutation: You have supernaturally acute eyesight.
                  | (SInv) [potion of mutation]
115183 | Tomb:2   | Gained mutation: You are partially covered in large bone
                  | plates. (SH +4) [potion of mutation]
115190 | Tomb:3   | Noticed a royal mummy
115190 | Tomb:3   | Noticed a royal mummy
115191 | Tomb:3   | Noticed a royal mummy
115191 | Tomb:3   | Noticed a royal mummy
115210 | Tomb:3   | Killed a royal mummy
115217 | Tomb:3   | Killed a royal mummy
115370 | Tomb:3   | Noticed a royal mummy
115379 | Tomb:3   | Killed a royal mummy
115389 | Tomb:3   | Killed a royal mummy
115397 | Tomb:3   | Killed a royal mummy
115440 | Tomb:3   | Killed a royal mummy
115482 | Tomb:3   | Identified the staff of Yesterday {Fragile rPois rF++ rN+
                  | Will- Necro}
115582 | Tomb:3   | Identified the staff of Valiance {rF+ Int+4 Stlth+ Fire}
115607 | Tomb:3   | Identified the +9 whip of Ydatut {antimagic, +Blink rPois
                  | rC+}
115693 | Tomb:3   | Got a golden rune of Zot
115782 | Tomb:3   | Identified the +7 arbalest "Leiwku" {heavy, rCorr Dex+4}
115792 | Tomb:3   | Identified the staff of the Blue God {+Blink rC+ Ice}
115794 | Tomb:3   | Got the Tome of Resurrection and Clouds
115797 | Tomb:3   | Identified the staff "Frog's Doom" {rPois rF++ Will+ Conj}
115799 | Tomb:3   | Identified the ring "Tollutwe" {rC+ EV+5 SInv}
115817 | Tomb:3   | Identified the +1 plate armour of Fedhas's Approval {rN+
                  | Slay+2}
115822 | Tomb:3   | Got Siop's Elucidation of Shadowy Causimancy
115824 | Tomb:3   | Got the Excursus on Injury
115828 | Tomb:3   | Identified the +11 spear of the Immovable Ships {freeze,
                  | rN+}
116631 | Zot:5    | Got the Orb of Zot
116739 | Zot:2    | Noticed Masug the pandemonium lord
116743 | Zot:2    | Killed Masug the pandemonium lord
117249 | D:3      | Noticed Kuetug the pandemonium lord
117264 | D:3      | Killed Kuetug the pandemonium lord
117369 | D:$      | Escaped with the Orb!

Illustrated notes

Levels and vault maps discovered:
D:1:      ebering_trefoil_3fold, layout_basic,
          hellmonk_ecumenical_altar_arch_garden
D:2:      layout_rooms, kennysheep_generic_room_7
D:3:      layout_loops_ring, lemuel_coloured_pillars_altar,
          gup_sewer_entry_bowl, kennysheep_generic_room_10
D:4:      layout_cave_pods, mainiacjoe_overflow_surrounded_room,
          lemuel_round_altar, serial_bayou, serial_bayou_pond_e,
          serial_bayou_pond_d, serial_bayou_ford_a, serial_bayou_pond_b,
          serial_bayou_shore_b
D:5:      layout_basic, minmay_temple_entry_fiery
D:6:      layout_cave_pools, trog_three_pillars_becter,
          mainiacjoe_overflow_tiny_flanked, lemuel_round_altar,
          vehumet_crystals, nicolae_ossuary_entry_giza
D:7:      layout_loops_ring, kennysheep_mini, fedhas_altar_2,
          nicolae_overflow_hidden_temple, worldfamousw_hep_ancestral_shrine,
          nicolae_elyvilon_temple_path, mainiacjoe_overflow_cross_hatched,
          enter_bailey_2, serial_shops, shop, chequers_serial_rivers_large_a,
          nicolae_shop_distant_corner_stores
D:8:      layout_loops_ring, nicolae_ru_great_annihilating_truth,
          chequers_temple_overflow_minitemple, serial_undead, serial_undead_d,
          serial_undead_c, serial_undead_e, serial_undead_c, minmay_puff
D:9:      layout_grid_maze, yredelemnul_altar_generic, zin_purify,
          marbit_many_paths, general_overflow_altar, uniq_pikel
D:10:     layout_roguey, serial_shops, shop, nicolae_shop_hallway_stairs, shop,
          uniq_fannar
D:11:     layout_basic, lair_entry_dummy, erik_orc_1, gauntlet_entry_generic,
          portal_ice_cave_entry_animals_and_master
D:12:     layout_stronghold, chequers_serial_rivers_micro_c
D:13:     layout_basic, david_vaults_4, serial_shops,
          nicolae_shop_hallway_stairs, nicolae_shop_tiny_statue_garden, shop,
          kennysheep_island_fort, uniq_nessos, uniq_azrael, uniq_sonja,
          uniq_erolcha
D:14:     layout_roguey, dk_noncrumbling_4, biasface_ghost_orc_armoury,
          minmay_hidden_floor
D:15:     grunt_enter_depths_snipers, layout_loops_ring,
          hangedman_decor_growths, serial_shops,
          nicolae_shop_bloodbath_and_beyond, minivault_8
Temple:   ebering_the_one_and_only
Lair:1:   layout_roguey
Lair:2:   layout_cave_pods, elwin_shoals_entry_rooms, lemuel_fruit_fields,
          grunt_megastairs_2, serial_bayou_shore_b, serial_bayou_shore_b
Lair:3:   layout_hall_layers, nicolae_spider_entry_lesser_pyramids, uniq_urug
Lair:4:   layout_roguey, slime_entry_1, infiniplex_staircase_pool
Lair:5:   guppyfry_lair_end_dragon, layout_loops_ring,
          hangedman_lair_tendril_chambers, columned_hall_lemuel
Shoals:1: layout_shoals, ebering_ghost_davey_jones,
          nicolae_shoals_pincushion_passage, uniq_kirke
Shoals:2: layout_shoals, nicolae_shoals_kraken_party, uniq_ilsuiw
Shoals:3: layout_shoals
Shoals:4: shoals_end_hangedman, layout_shoals, nicolae_shoals_goliath_grotto,
          uniq_mara
Spider:1: nicolae_spider_hilbert_zone_2 [nicolae_spider_hilbert_4_sides_1_open,
          nicolae_spider_hilbert_4_sides_1_open,
          nicolae_spider_hilbert_4_sides_1_open,
          nicolae_spider_hilbert_4_sides_1_open,
          nicolae_spider_hilbert_6_sides_1_open,
          nicolae_spider_hilbert_6_sides_1_open,
          nicolae_spider_hilbert_3_sides_1_open,
          nicolae_spider_hilbert_3_sides_1_open,
          nicolae_spider_hilbert_3_sides_1_open,
          nicolae_spider_hilbert_3_sides_1_open,
          nicolae_spider_hilbert_6_sides_1_open,
          nicolae_spider_hilbert_6_sides_1_open,
          nicolae_spider_hilbert_6_sides_1_open,
          nicolae_spider_hilbert_6_sides_1_open], ebering_ghost_inner_flame,
          uniq_nikola
Spider:2: layout_spider_delve
Spider:3: layout_spider_delve
Spider:4: guppyfry_spider_rune, nicolae_spider_paper_wasps, uniq_mlioglotl
Slime:1:  layout_caves
Slime:2:  layout_caves
Slime:3:  layout_caves
Slime:4:  layout_caves, cheibrodos_slime_lost_civilization_5
Slime:5:  slime_pit_nicolae_royal_road_to_ruin
Orc:1:    layout_caves, kennysheep_orc_sif_temple
Orc:2:    st_orc_congregation, layout_diamond_mine, basic_altar,
          nooodl_orcs_dogs
Elf:1:    layout_gridlike, serial_shops, shop,
          portal_desolation_entry_nicolae_slug,
          hangedman_elven_crosses_minicolossus, st_stairs_7,
          einodemon_armed_red_devil_minivault
Elf:2:    nicolae_elf_blades_splatter_lattice [infiniplex_blade_entry_pillars],
          layout_geoelf_octagon, basic_altar, uniq_asterion
Elf:3:    minmay_elf_hall_quartered_circle, layout_loops_corners, st_stairs_6,
          kilobyte_mutagenic_chamber, uniq_donald
Vaults:1: v_rooms_4, st_check, nicolae_vaults_network_barrier,
          nicolae_vaults_tetromino_Z_1, nicolae_vaults_surprise_closet,
          ontoclasm_vaults_idyll, nicolae_vaults_oval_intersection,
          nicolae_vaults_shelves_hall, grunt_vaults_hallway_long,
          hangedman_vaults_cutoff, layout_vaults_omnigrid, serial_shops,
          nicolae_shop_tiny_waterfront, uniq_zenata
Vaults:2: nicolae_vaults_three_branches, v_rooms_3, nicolae_vaults_big_ls,
          nicolae_vaults_what_the_h, nicolae_vaults_murder_corner,
          nicolae_vaults_cochlea, nicolae_vaults_storage_closets_1, v_misc_28,
          nicolae_vaults_double_plus_1, nicolae_vaults_house_3,
          layout_vaults_chaotic_city, uniq_margery, uniq_aizul
Vaults:3: nicolae_vaults_offset_grid_hallway_3, vaults_room_ringed_pool,
          nicolae_vaults_stairing_the_circle, nicolae_vaults_spaceships,
          vaults_mumra_minichess, minmay_crypt_entry_simple_statues,
          nicolae_vaults_border_crossing, ontoclasm_vaults_ring_large,
          v_pattern_3, nicolae_vaults_trapezoid_lopsided_3,
          ontoclasm_vaults_ligature, st_smaller_cells, ontoclasm_vaults_eye,
          vaults_room_grid, nicolae_vaults_offset_grid_hallway_2,
          vaults_dpeg_hooks, nicolae_vaults_bisected_slash,
          nicolae_vaults_storage_room_doors, vaults_dpeg_encased_lava,
          vaults_mumra_chevron_long, vaults_dpeg_diagonal, layout_vaults_maze,
          uniq_jory
Vaults:4: advil_vaults_ghost_lines, nicolae_vaults_circle_grid_b,
          nicolae_vaults_offset_grid_hallway_2, v_misc_13,
          vaults_room_semicircle, nicolae_vaults_house_2,
          nicolae_vaults_trapezoid_lopsided_2,
          nicolae_vaults_offset_grid_hallway_3,
          vaults_room_grunt_arrival_checkpoint, vaults_room_boxed,
          grunt_vaults_hallway_long, vaults_room_door_ring, v_misc_32,
          layout_vaults_ring, serial_shops, bzr_entry_customers, uniq_boris
Vaults:5
Crypt:1:  layout_misc_corridors, grunt_crypt_arrival_guarded_gate
Crypt:2:  layout_chaotic_city, uniq_mennas
Crypt:3:  quadcrypt_mu
Tomb:1
Tomb:2
Tomb:3
Depths:1: layout_long_grid, hangedman_geh_valley, chequers_serial_rivers_marsh,
          rand_demon_pan_entry_7, hangedman_aerie_drop, serial_bayou_shore_a
Depths:2: minmay_two_paths, layout_basic, rand_demon_pan_entry_5,
          hangedman_coc_ice_floe, small_statue_intersection,
          minmay_misc_feat_plants
Depths:3: kennysheep_bubbly, layout_basic, minmay_misc_feat_square,
          grunt_hell_horde, pan_entry, gammafunk_ghost_smash,
          abyss_entry_crystal, uniq_frederick
Depths:4: grunt_zot_entry_bicorn, layout_gridlike, enter_ziggurat_a, hell_entry,
          abyss_entry, chequers_big_river, okawaru_trees_1
Hell
Dis:1:    nicolae_dis_hell_towers
Dis:2:    layout_regular_city
Dis:3:    layout_regular_city
Dis:4:    layout_subdivisions, minmay_strange_pillars
Dis:5:    layout_gridville, nrook_loot_triangle
Dis:6:    layout_subdivisions
Dis:7:    dis_grunt_layers
Geh:1:    layout_gehenna_lava_caves
Geh:2:    layout_gehenna_lava_caves, nicolae_hells_hurtin_island
Geh:3:    layout_gehenna_pools_basic
Geh:4:    layout_gehenna_pools_box, nicolae_geh_rippling_lava
Geh:5:    layout_gehenna_pools_triple, gehenna_fire_generator
Geh:6:    nicolae_geh_split_lavaduct, layout_gehenna_pools_triple
Geh:7:    geh_hangedman
Coc:1:    layout_ice_bergs
Coc:2:    layout_cocytus_delve
Coc:3:    layout_cocytus_delve
Coc:4:    layout_cocytus_water_paths
Coc:5:    layout_cocytus_water_paths
Coc:6:    nicolae_coc_icebeans_plural [nicolae_sub_coc_subbean,
          nicolae_sub_coc_subbean, nicolae_sub_coc_subbean,
          nicolae_sub_coc_subbean], layout_cocytus_delve
Coc:7:    coc_hangedman
Tar:1:    layout_honeycomb
Tar:2:    layout_honeycomb
Tar:3:    layout_cathedral_of_symmetry
Tar:4:    layout_catacombs
Tar:5:    layout_cathedral_of_symmetry
Tar:6:    layout_catacombs, nicolae_tar_cuneiform_city,
          nicolae_tar_cuneiform_to_be
Tar:7:    tar_minmay_river
Zot:1:    layout_gridlike, drop_trap
Zot:2:    nicolae_zot_draconian_monastery, layout_misc_corridors
Zot:3:    layout_misc_corridors
Zot:4:    hellmonk_paralyzer, layout_twisted_circle, nicolae_zot_crop_circle
Zot:5:    layout_basic

Skill      XL: |  1  2  3  4  5  6  7  8  9 10 11 12 13 14 15 16 17 18 19 20 21 22 23 24 25 26 27 |
---------------+----------------------------------------------------------------------------------+-----
Stealth        | 1 2 3 4 6 7 8 |  8.0
Fighting       | 3 4 5 6 8 10 12 13 14 15 16 18 19 20 21 22 27 | 27.0
Dodging        | 3 4 5 6 7 8 9 10 12 13 14 15 17 27 | 27.0
Short Blades   | 1 2 3 4 5 8 10 12 14 | 14.1
Ranged Weapons | 5 6 8 9 12 13 14 16 18 20 | 20.0
Evocations     | 2 4 6 8 9 10 12 13 14 24 | 24.0
Armour         | 2 4 5 6 8 9 12 13 14 16 18 19 20 27 | 27.0
Invocations    | 4 7 8 9 10 20 | 20.0
Long Blades    | 5 7 9 15 | 15.4
Translocations | 2 4 6 7 10 11 12 14 16 | 16.1
Shields        | 12 15 16 24 | 24.0
Transmutations | 4 8 10 12 19 | 19.0
Earth Magic    | 3 7 8 |  8.0
Spellcasting   | 3 4 6 16 | 16.0
Air Magic      | 8 10 | 10.0
Hexes          | 8 12 | 12.0
Throwing       | 4 24 | 24.0
Shapeshifting  | 18 | 18.5

Action                     |  1- 3 |  4- 6 |  7- 9 | 10-12 | 13-15 | 16-18 | 19-21 | 22-24 | 25-27 || total
---------------------------+-------+-------+-------+-------+-------+-------+-------+-------+-------++-------
  Melee: Short sword       |       |    67 |    44 |       |       |       |       |       |       ||   111
         Punch             |       |       |     1 |     4 |       |       |     2 |       |       ||     7
         Dagger            |       |       |    13 |    29 |     3 |       |     1 |       |       ||    46
         Hand axe          |       |       |       |    12 |       |       |       |       |       ||    12
         Long sword        |       |       |       |    67 |     2 |       |       |       |       ||    69
         Scimitar          |       |       |       |       |       |    22 |    18 |       |       ||    40
         Rapier            |       |       |       |       |       |       |     7 |    47 |     2 ||    56
         Quick blade       |       |       |       |       |       |       |       |       |   330 ||   330
         Eudemon blade     |       |       |       |       |       |       |       |       |  2218 ||  2218
         Double sword      |       |       |       |       |       |       |       |       |   958 ||   958
         Hand crossbow     |       |       |       |       |       |       |       |       |     1 ||     1
   Fire: Shortbow          |   112 |   100 |   682 |   804 |   967 |       |       |       |       ||  2665
         Arbalest          |       |       |       |       |   120 |  1182 |   501 |       |       ||  1803
         Hand crossbow     |       |       |       |       |       |       |   563 |   948 |  4234 ||  5745
  Throw: Dart              |       |       |     6 |    14 |       |       |     5 |     1 |     2 ||    28
         Javelin           |       |       |       |       |       |       |     1 |       |   291 ||   292
         Throwing net      |       |       |       |       |       |       |       |     3 |     4 ||     7
   Cast: Passwall          |       |       |       |       |       |       |       |     1 |       ||     1
         Wereblood         |       |       |       |       |       |       |       |       |   137 ||   137
         Apportation       |       |       |       |       |       |       |       |       |    10 ||    10
         Portal Projectile |       |       |       |       |       |       |       |       |    25 ||    25
         Passage of Golubr |       |       |       |       |       |       |       |       |     3 ||     3
         Yara's Violent Un |       |       |       |       |       |       |       |       |    79 ||    79
         Manifold Assault  |       |       |       |       |       |       |       |       |    16 ||    16
         Vhi's Electric Ch |       |       |       |       |       |       |       |       |     6 ||     6
 Invoke: Recall Ancestor   |       |       |       |    10 |    13 |    11 |     5 |    23 |   104 ||   166
         Ancestor Life: Kn |       |       |       |     1 |       |       |       |       |       ||     1
         Idealise          |       |       |       |       |     1 |     3 |     2 |     5 |    43 ||    54
         Transference      |       |       |       |       |       |       |     1 |     1 |     6 ||     8
Ability: Hop               |       |       |     3 |     7 |     8 |     9 |    10 |    16 |    75 ||   128
         Evoke Blink       |       |       |       |       |       |       |     1 |       |    10 ||    11
  Evoke: Wand              |       |       |    11 |    24 |     1 |    18 |     9 |     4 |    96 ||   163
         Phial of floods   |       |       |       |       |     1 |       |     3 |       |     1 ||     5
         Lightning rod     |       |       |       |       |       |       |     4 |     4 |     6 ||    14
         Tin of tremorston |       |       |       |       |       |       |       |       |     2 ||     2
         Phantom mirror    |       |       |       |       |       |       |       |       |     1 ||     1
    Use: Potion            |       |       |     2 |     1 |     1 |       |     1 |     5 |   115 ||   125
         Scroll            |       |       |     6 |    24 |     8 |     8 |     4 |     9 |    90 ||   149
   Stab: Sleeping          |       |     1 |     3 |     1 |       |       |     1 |     2 |    15 ||    23
         Invisible         |       |       |     2 |     1 |     2 |       |       |       |    30 ||    35
         Paralysed         |       |       |       |     9 |       |       |       |     2 |       ||    11
         Held in net/web   |       |       |       |       |       |       |       |     2 |     1 ||     3
         Distracted        |       |       |       |       |       |       |       |     1 |   100 ||   101
         Confused          |       |       |       |       |       |       |       |       |     1 ||     1
 Armour: Leather armour    |     2 |       |       |       |       |       |       |       |       ||     2
         Ring mail         |    10 |    20 |    69 |    85 |    40 |       |       |       |       ||   224
         Ice dragon scales |       |       |       |   105 |       |       |       |       |       ||   105
         Chain mail        |       |       |       |       |    93 |   345 |   384 |   355 |       ||  1177
         Quicksilver drago |       |       |       |       |       |       |       |       |   189 ||   189
         Pearl dragon scal |       |       |       |       |       |       |       |       |   880 ||   880
  Dodge: Dodged            |    24 |    45 |   130 |   292 |   265 |   539 |   496 |   473 |  3634 ||  5898
  Block: Other             |       |       |       |     1 |    18 |    34 |    16 |       |       ||    69
         Kite shield       |       |       |       |       |       |       |   298 |   631 |  4435 ||  5364
         Reflection        |       |       |       |       |       |       |    39 |    10 |    13 ||    62

Table legend: (Time is in decaauts)
 A = Elapsed time spent in this place.
 B = Non-inter-level travel time spent in this place.
 C = Inter-level travel time spent in this place.
 D = Time resting spent in this place.
 E = Time spent auto-exploring this place.
 F = Levels seen in this place.
 G = Mean time per level.
                   A        B        C        D        E       F      G
               +--------+--------+--------+--------+--------+-----+--------+
         Total | 134782 | 114756 |  20026 |   3242 |  73753 | 145 |  929.5 |
       Dungeon |  24216 |  16880 |   7336 |    599 |  12113 |  15 | 1614.4 |
        Temple |     27 |     27 |      0 |      0 |     21 |   1 |   27.0 |
          Lair |   7693 |   6244 |   1449 |      7 |   4791 |   5 | 1538.6 |
        Shoals |   6227 |   5572 |    655 |    106 |   3747 |   4 | 1556.8 |
   Spider Nest |   5090 |   4674 |    416 |      5 |   3552 |   4 | 1272.5 |
    Slime Pits |   3674 |   3018 |    656 |      0 |   1825 |   5 |  734.8 |
  Orcish Mines |   3155 |   2347 |    808 |     51 |   1541 |   2 | 1577.5 |
   Elven Halls |   4417 |   4017 |    400 |     73 |   2670 |   3 | 1472.3 |
        Vaults |  10080 |   7962 |   2118 |     35 |   5474 |   5 | 2016.0 |
         Crypt |   3756 |   3170 |    586 |     34 |   2317 |   3 | 1252.0 |
          Tomb |   6337 |   5193 |   1144 |    366 |   3215 |   3 | 2112.3 |
        Depths |   9405 |   6649 |   2756 |     15 |   4374 |   4 | 2351.2 |
          Hell |   2512 |   2229 |    283 |    310 |   1451 |   1 | 2512.0 |
           Dis |   3626 |   3466 |    160 |    214 |   1774 |   7 |  518.0 |
       Gehenna |   3401 |   3281 |    120 |    139 |   1785 |   7 |  485.9 |
       Cocytus |   5069 |   4883 |    186 |    402 |   3025 |   7 |  724.1 |
      Tartarus |   5242 |   5078 |    164 |    355 |   3359 |   7 |  748.9 |
           Zot |   6007 |   5225 |    782 |     39 |   3715 |   5 | 1201.4 |
         Abyss |   2499 |   2499 |      0 |      4 |   1021 |   5 |  499.8 |
   Pandemonium |  14689 |  14689 |      0 |     85 |   8163 |  31 |  473.8 |
      Ziggurat |   1894 |   1894 |      0 |      0 |   1118 |  15 |  126.3 |
        Bazaar |    138 |    138 |      0 |      0 |     85 |   1 |  138.0 |
         Sewer |    587 |    587 |      0 |      0 |    379 |   1 |  587.0 |
       Ossuary |    662 |    662 |      0 |      0 |    505 |   1 |  662.0 |
        Bailey |   1291 |   1291 |      0 |     14 |    435 |   1 | 1291.0 |
      Ice Cave |   2338 |   2338 |      0 |    386 |   1057 |   1 | 2338.0 |
    Desolation |    738 |    738 |      0 |      0 |    232 |   1 |  738.0 |
               +--------+--------+--------+--------+--------+-----+--------+

Top non-repeatable levels by time:
  Tomb:1: 3756 daAuts
   Tar:7: 3685 daAuts
Depths:1: 3303 daAuts
   Coc:7: 3180 daAuts
    D:14: 3015 daAuts
    D:13: 2958 daAuts
Vaults:2: 2864 daAuts
    D:11: 2599 daAuts
    Hell: 2512 daAuts
  Lair:2: 2491 daAuts
   Dis:7: 2372 daAuts
   IceCv: 2338 daAuts
   Orc:2: 2295 daAuts
Vaults:1: 2261 daAuts
 Abyss:3: 2242 daAuts
